 Dungeon Crawl Stone Soup version 0.26.1-11-gd32895ea62 (webtiles) character file.

Game seed: 13670032930036079847

1392828 phalm the Chief of Staff (level 27, -21/244 HPs)
             Began as a Gnoll Conjurer on June 16, 2021.
             Was the Champion of Vehumet.
             Demolished by a bennu (26 damage)
             ... on level 3 of the Tomb of the Ancients on June 18, 2021.
             The game lasted 09:47:19 (149568 turns).

phalm the Chief of Staff (Gnoll Conjurer)         Turns: 149568, Time: 09:47:20

Health: -21/244    AC: 24    Str: 14      XL:     27
Magic:  71/71      EV: 34    Int: 36 (38) God:    Vehumet [******]
Gold:   10298      SH: 23    Dex: 16      Spells: 6/78 levels left

rFire    + + +     SeeInvis +   b - +9 staff of Wucad Mu {*channel}
rCold    + + +     Faith    .   f - +5 kite shield {rPois}
rNeg     + + +     Spirit   .   Q - +1 robe "Xivotui" {rElec rC+ Int+4}
rPois    ∞         Reflect  .   U - +2 helmet {Int+3}
rElec    +         Harm     .   L - scarf {repulsion}
rCorr    .         Rampage  .   W - +2 pair of gloves {archery}
Will     +++++     Clarity  +   s - +1 pair of boots of the Ego {*Slow rF+++ SInv Stlth+}
Stlth    ++++++++++             E - amulet of the Four Winds {rN+ Will+++ Clar}
HPRegen  0.50/turn              S - ring "Qyloko" {rC+ MP+9}
MPRegen  0.42/turn              R - ring of Tomn {*Drain rElec rN+ MP+9}

@: lich-form, marked, slowed, repel missiles, very slow
A: distributed training, fangs 1, repulsion field 1, thin metallic scales 1,
agile 1, clarity, strong-willed 1, strong 1, strong nose
}: 14/15 runes: barnacled, slimy, silver, iron, obsidian, icy, bone, abyssal,
demonic, glowing, magical, fiery, dark, gossamer
a: End Transformation, Renounce Religion


You were on level 3 of the Tomb of the Ancients.
You worshipped Vehumet.
Vehumet was exalted by your worship.
You were a lich.
You visited 18 branches of the dungeon, and saw 90 of its levels.
You visited Pandemonium 1 time, and saw 21 of its levels.
You visited the Abyss 4 times.
You visited 1 bazaar.
You also visited: Ossuary, Ice Cave and Wizlab.

You collected 19543 gold pieces.
You spent 9245 gold pieces at shops.


Innate Abilities, Weirdness & Mutations

Your experience applies equally to all skills.
You have very sharp teeth.
Your uncanny sense of smell can sniff out nearby items.
You are surrounded by a mild repulsion field. (EV +2)
You are partially covered in thin metallic scales. (AC +2)
You are agile. (Dex +2)
You possess an exceptional clarity of mind.
You are strong-willed. (Will+)
Your muscles are strong. (Str +2)


   Skills:
 + Level 25.8 Fighting
 + Level 25.8 Short Blades
 + Level 25.8 Long Blades
 + Level 25.8 Axes
 + Level 25.8 Maces & Flails
 + Level 25.8 Polearms
 O Level 27 Staves
 + Level 25.8 Slings
 + Level 25.8 Bows
 + Level 25.8 Crossbows
 + Level 25.8 Throwing
 + Level 25.8 Armour
 + Level 26.0 Dodging
 + Level 26.0 Stealth
 + Level 25.8 Shields
 + Level 25.8 Unarmed Combat
 + Level 26.0 Spellcasting
 + Level 23.1 Conjurations
 + Level 22.5 Hexes
 + Level 22.5 Summonings
 + Level 22.5 Necromancy
 + Level 25.2 Translocations
 + Level 22.5 Transmutations
 + Level 22.5 Fire Magic
 + Level 22.5 Ice Magic
 + Level 22.5 Air Magic
 + Level 22.5 Earth Magic
 + Level 22.5 Poison Magic
 O Level 27 Invocations
 + Level 25.8 Evocations


You had 6 spell levels left.
You knew the following spells:

 Your Spells              Type           Power        Failure   Level
a - Airstrike             Air            59%          0%          4
c - Ozocubu's Refrigerat  Ice            59%          0%          6
d - Dispel Undead         Necr           100%         0%          4
e - Necromutation         Tmut/Necr      71%          1%          8
f - Fulminant Prism       Conj/Hex       59%          0%          4
i - Invisibility          Hex            100%         0%          6
n - Ignition              Fire           59%          1%          8
p - Apportation           Tloc           100%         0%          1
r - Irradiate             Conj/Tmut      59%          0%          5
t - Iron Shot             Conj/Erth      59%          0%          6
B - Blink                 Tloc           N/A          0%          2
S - Shatter               Erth           59%          1%          9
T - Tornado               Air            59%          1%          9

Your spell library contained the following spells:

 Spells                   Type           Power        Failure   Level
 Chain Lightning          Conj/Air       59%          1%          8
 Animate Skeleton         Necr           100%         0%          1
 Beastly Appendage        Tmut           100%         0%          1
 Corona                   Hex            100%         0%          1
 Foxfire                  Conj/Fire      100%         0%          1
 Freeze                   Ice            100%         0%          1
 Magic Dart               Conj           100%         0%          1
 Pain                     Necr           100%         0%          1
 Sandblast                Erth           100%         0%          1
 Shock                    Conj/Air       100%         0%          1
 Sting                    Tmut/Pois      100%         0%          1
 Summon Small Mammal      Summ           100%         0%          1
 Call Imp                 Summ           100%         0%          2
 Corpse Rot               Necr/Air       N/A          0%          2
 Ensorcelled Hibernation  Hex/Ice        100%         0%          2
 Passwall                 Tmut/Erth      98%          0%          2
 Poisonous Vapours        Pois/Air       100%         0%          2
 Searing Ray              Conj           100%         0%          2
 Slow                     Hex            100%         0%          2
 Sublimation of Blood     Necr           71%          0%          2
 Swiftness                Air            100%         0%          2
 Wereblood                Tmut           100%         0%          2
 Call Canine Familiar     Summ           100%         0%          3
 Confusing Touch          Hex            100%         0%          3
 Conjure Flame            Conj/Fire      100%         0%          3
 Dazzling Flash           Conj/Hex       100%         0%          3
 Frozen Ramparts          Ice            100%         0%          3
 Gell's Gravitas          Tloc           61%          0%          3
 Ignite Poison            Fire/Tmut/Pois 100%         0%          3
 Inner Flame              Hex/Fire       100%         0%          3
 Lesser Beckoning         Tloc           61%          0%          3
 Mephitic Cloud           Conj/Pois/Air  100%         0%          3
 Ozocubu's Armour         Ice            100%         0%          3
 Portal Projectile        Hex/Tloc       100%         0%          3
 Spider Form              Tmut/Pois      59%          0%          3
 Static Discharge         Conj/Air       100%         0%          3
 Stone Arrow              Conj/Erth      100%         0%          3
 Teleport Other           Tloc           100%         0%          3
 Tukima's Dance           Hex            100%         0%          3
 Vampiric Draining        Necr           71%          0%          3
 Animate Dead             Necr           71%          0%          4
 Cause Fear               Hex            59%          0%          4
 Hailstorm                Conj/Ice       100%         0%          4
 Ice Form                 Ice/Tmut       100%         0%          4
 Iskenderun's Mystic Bla  Conj/Tloc      100%         0%          4
 Leda's Liquefaction      Hex/Erth       59%          0%          4
 Passage of Golubria      Tloc           N/A          0%          4
 Petrify                  Tmut/Erth      100%         0%          4
 Sticky Flame             Conj/Fire      100%         0%          4
 Summon Ice Beast         Ice/Summ       100%         0%          4
 Summon Lightning Spire   Summ/Air       100%         0%          4
 Agony                    Necr           100%         0%          5
 Alistair's Intoxication  Tmut/Pois      78%          0%          5
 Blade Hands              Tmut           59%          0%          5
 Bolt of Magma            Conj/Fire/Erth 59%          0%          5
 Borgnjor's Vile Clutch   Necr/Erth      71%          0%          5
 Excruciating Wounds      Necr           71%          0%          5
 Fireball                 Conj/Fire      59%          0%          5
 Iskenderun's Battlesphe  Conj           100%         0%          5
 Lee's Rapid Deconstruct  Erth           59%          0%          5
 Lightning Bolt           Conj/Air       59%          0%          5
 Metabolic Englaciation   Hex/Ice        59%          0%          5
 Silence                  Hex/Air        59%          0%          5
 Summon Demon             Summ           59%          0%          5
 Summon Forest            Summ/Tloc      60%          0%          5
 Summon Mana Viper        Hex/Summ       100%         0%          5
 Yara's Violent Unravell  Hex/Tmut       59%          0%          5
 Conjure Ball Lightning   Conj/Air       59%          0%          6
 Death Channel            Necr           71%          0%          6
 Dispersal                Tloc           61%          0%          6
 Eringya's Noxious Bog    Tmut/Pois      59%          0%          6
 Freezing Cloud           Conj/Ice/Air   59%          0%          6
 Hydra Form               Tmut           59%          0%          6
 Shadow Creatures         Summ           N/A          0%          6
 Simulacrum               Ice/Necr       71%          0%          6
 Starburst                Conj/Fire      59%          0%          6
 Statue Form              Tmut/Erth      78%          0%          6
 Dragon Form              Tmut           59%          1%          7
 Haunt                    Necr/Summ      71%          1%          7
 Malign Gateway           Summ/Tloc      60%          1%          7
 Monstrous Menagerie      Summ           59%          1%          7
 Orb of Destruction       Conj           59%          1%          7
 Spellforged Servitor     Conj/Summ      59%          1%          7
 Summon Greater Demon     Summ           59%          1%          7
 Summon Hydra             Summ           59%          1%          7
 Borgnjor's Revivificati  Necr           71%          1%          8
 Discord                  Hex            59%          1%          8
 Disjunction              Tloc           61%          1%          8
 Infestation              Necr           71%          1%          8
 Summon Horrible Things   Summ           59%          1%          8
 Death's Door             Necr           71%          4%          9
 Dragon's Call            Summ           59%          4%          9

Inventory:

Hand Weapons
 a - the +3 sling "Punk" {acid, rCorr}
   (You found it on level 6 of the Lair of Beasts)

   It provides partial protection from all sources of acid and corrosion.
 b - the +9 staff of Wucad Mu (weapon) {*channel}
   (You found it in an ice cave)
 n - a +2 short sword of distortion {!w}
   (You took it off a kobold on level 9 of the Dungeon)
 P - the +9 dagger "Jawkew" {vorpal, Int+3 Dex+2}
   (You found it in Pandemonium)

   It inflicts extra damage upon your enemies.
   It affects your intelligence (+3).
   It affects your dexterity (+2).
Missiles
 k - 10 silver javelins (quivered)
 J - 153 sling bullets
Armour
 f - a +5 kite shield of poison resistance (worn)
   (You found it on level 7 of the Dungeon)
 s - the +1 pair of boots of the Ego (worn) {*Slow rF+++ SInv Stlth+}
   (You bought it in a shop on level 2 of the Orcish Mines)

   It renders you almost immune to fire.
   It lets you see invisible.
   It may slow you when you take damage.
   It makes you more stealthy.
 L - a scarf of repulsion (worn)
   (You found it on level 11 of the Dungeon)
 Q - the +1 robe "Xivotui" (worn) {rElec rC+ Int+4}
   (You found it in Pandemonium)

   It affects your intelligence (+4).
   It protects you from cold.
   It insulates you from electricity.
 U - a +2 helmet of intelligence (worn)
   (You found it on level 1 of the Lair of Beasts)
 W - a +2 pair of gloves of archery (worn)
   (You found it on level 5 of the Vaults)
Jewellery
 E - the amulet of the Four Winds (around neck) {rN+ Will+++ Clar}
   (You found it on level 5 of the Depths)

   [amulet of nothing]

   It protects you from negative energy.
   It affects your willpower, your defense against some magical effects.
   It protects you against confusion.
 R - the ring of Tomn (right hand) {*Drain rElec rN+ MP+9}
   (You found it on level 2 of the Depths)

   [ring of magical power]

   It insulates you from electricity.
   It protects you from negative energy.
   It affects your magic capacity (+9).
   It causes draining when unequipped.
 S - the ring "Qyloko" (left hand) {rC+ MP+9}
   (You found it in Pandemonium)

   [ring of protection from cold]

   It protects you from cold.
   It affects your magic capacity (+9).
Wands
 l - a wand of iceblast (67)
   (You found it on level 13 of the Dungeon)
 O - a wand of paralysis (49)
   (You took it off a deep elf mage on level 3 of the Elven Halls)
 Y - a wand of digging (21)
   (You found it in a wizard's laboratory)
Scrolls
 c - 6 scrolls of holy word {!r}
 g - 8 scrolls of amnesia
 m - 31 scrolls of remove curse {@r2}
 p - 14 scrolls of teleportation {@r4}
 q - 12 scrolls of fear
 r - a scroll of magic mapping {!r}
 y - 10 scrolls of blinking {!r}
 A - 5 scrolls of immolation {!r!r}
 F - a scroll of identify {@r1}
 I - 13 scrolls of fog
 N - 4 scrolls of summoning
Potions
 d - 10 potions of haste {@q3}
 e - 28 potions of curing {@q1}
 h - 20 potions of heal wounds {@q2}
 j - 6 potions of invisibility
 o - 7 potions of brilliance
 t - 20 potions of attraction {!q}
 u - 8 potions of magic
 v - 4 potions of cancellation
 x - 2 potions of resistance
 z - 7 potions of might
 D - 19 potions of flight
 K - 7 potions of mutation {!q}
 M - 17 potions of lignification {!q}
Miscellaneous
 i - a tin of tremorstones (2/2)
   (You found it on level 12 of the Dungeon)
 w - a phantom mirror
   (You found it on level 1 of the Shoals)
 B - a phial of floods
   (You found it on level 7 of Tartarus)
 C - a box of beasts
   (You found it on level 7 of Cocytus)
 T - the horn of Geryon
   (You took it off Geryon in the Vestibule of Hell)
 X - a lightning rod (4/4)
   (You found it on level 11 of the Dungeon)
 Z - a condenser vane
   (You found it on level 3 of the Spider Nest)

Dungeon Overview and Level Annotations

Branches:
Dungeon (15/15)            Temple (1/1) D:7            Lair (6/6) D:9
 Shoals (4/4) Lair:4       Spider (4/4) Lair:3        Slime (5/5) Lair:5
    Orc (2/2) D:12            Elf (3/3) Orc:2        Vaults (5/5) D:13
  Crypt (3/3) Vaults:2       Tomb (3/3) Crypt:3      Depths (5/5) D:15
   Hell (visited)             Dis (7/7) Hell            Geh (7/7) Hell
    Coc (7/7) Hell            Tar (7/7) Hell            Zot (5/5) Depths:5
Ossuary (visited)           IceCv (visited)          WizLab (visited)

Altars:
Ashenzari
Cheibriados
Dithmenos
Elyvilon
Fedhas
Gozag
Hepliaklqana
Kikubaaqudgha
Makhleb
Nemelex Xobeh
Okawaru
Qazlal
Ru
Sif Muna
Trog
Uskayaw
Vehumet
Wu Jian
Xom
Yredelemnul
Zin
The Shining One
Beogh
Jiyva
Lugonu

Shops:
D:4 =   D:5 *   D:8 ?[}:   Orc:2 :[(*[   Elf:2 :}=(   Shoals:1 :   Shoals:4 *
Vaults:5 ?   Depths:3 }}=

Portals:
Hell: Depths:1 Depths:2 Depths:3 Depths:4 Depths:5
Abyss: Depths:1 Depths:4
Pandemonium: Depths:3 Depths:4 Depths:5
Ziggurat: Depths:3

Annotations:
Zot:5 1 exclusion

#####.M
########.......
.M...................
...............).....
.8....8..............
#....!...S....z..#
#.MZ....S...§b§..#
#.z..M?M..bL...#
#..S..Z......##
#......^)b.##
##.....z..## ∆
##......## #.8....# ∆
#).....# ∆ #....M.#
+§§....+


You could see a royal mummy, 3 bennus, 2 ancient champions, a mummy priest, 3
mana vipers, 2 guardian mummies, 2 ushabtiu and a dire elephant skeleton.


Message History

The royal mummy calls on the powers of darkness!
Your body is wracked with pain!
* * * LOW HITPOINT WARNING * * *
The bennu convulses!
The emperor scorpion convulses!
The bennu convulses! x2
The bennu barely misses you. The bennu claws you!
* * * LOW HITPOINT WARNING * * *
The bennu completely misses you.
You block the royal mummy's attack. 😨 HP[-170] MP[+5]
You take 170 damage, and now have 74/244 hp.
MASSIVE DAMAGE!! (PAUSE)
You regained 5 mp, and now have 67/71 mp.
Casting: Ignition (mildly dangerous; 1% risk of failure)
Confirm with . or Enter, or press ? or * to list all spells.
Your body is suffused with negative energy!
Magical energy flows into your mind! You block the bennu's attack.
The bennu claws you but does no damage. You block the bennu's attack.
The bennu pecks you but does no damage. The bennu completely misses you. x2
The bennu barely misses you. You block the bennu's attack.
The bennu completely misses you.
The emperor scorpion completely misses you.
The emperor scorpion claws you but does no damage.
The emperor scorpion claws you.
* * * LOW HITPOINT WARNING * * *
The mummy priest calls down the wrath of its god upon you.
Something smites you!
* * * LOW HITPOINT WARNING * * *
The bennu closely misses you. You block the bennu's attack.
The bennu completely misses you. The royal mummy casts a spell at you.
Something smites you!
* * * LOW HITPOINT WARNING * * *
You feel as though you will be slow longer.
A guardian mummy comes into view. x2 😱 HP[-23] MP[+1]
You take 23 damage, and now have 51/244 hp.
Casting: Necromutation (mildly dangerous; 1% risk of failure)
Confirm with . or Enter, or press ? or * to list all spells.
Casting: Ignition (mildly dangerous; 1% risk of failure)
Press: ? - help, Dir - look around, f - activate The air bursts into flame!
The fireball engulfs the bennu.
The bennu completely resists.
The fireball engulfs the ancient champion!
The fireball engulfs the royal mummy!!
The fireball engulfs the royal mummy!!!
You destroy the royal mummy!
Vehumet accepts your kill.
You feel your power returning.
The emperor scorpion disappears in a puff of smoke!
The fireball engulfs the guardian mummy!!
The fireball engulfs the ushabti!
The ushabti resists.
The fireball engulfs the mummy priest!!
The fireball engulfs the bennu.
The bennu completely resists.
The fireball engulfs the bennu.
The bennu completely resists.
The fireball engulfs the guardian mummy!
You destroy the guardian mummy!
Vehumet accepts your kill.
You feel your power returning.
The fireball engulfs the ancient champion!!
The fireball engulfs the skeletal warrior!
You destroy the skeletal warrior!
Vehumet accepts your kill.
You feel your power returning.
The fireball engulfs the guardian mummy!!
The fireball engulfs the dire elephant skeleton!!
The fireball engulfs the bennu.
The bennu completely resists.
The fireball engulfs the bennu.
The bennu completely resists.
The fireball engulfs the bennu.
The bennu completely resists.
The fireball engulfs the bennu.
The bennu completely resists.
The fireball engulfs the ancient champion!
The fireball engulfs the mummy priest!!
You destroy the mummy priest!
Vehumet accepts your kill.
You feel your power returning.
The fireball engulfs the bennu.
The bennu completely resists.
The fireball engulfs the bennu.
The bennu completely resists.
The fireball engulfs the royal mummy!!
The fireball engulfs the dire elephant skeleton!
You feel extremely nervous for a moment...
The world around you seems to dim momentarily.
You feel extremely nervous for a moment...
You are engulfed in negative energy!
You feel dopey.
You feel extremely nervous for a moment...
You feel horribly lethargic.
You feel as though you will be slow longer.
You block the bennu's attack. The bennu completely misses you.
The bennu misses you. The bennu pecks you!
* * * LOW HITPOINT WARNING * * *
The bennu sears you!!
* * * LOW HITPOINT WARNING * * *
You block the bennu's attack. The bennu claws you!
* * * LOW HITPOINT WARNING * * *
The royal mummy gestures wildly while chanting.
You block the bennu's attack. The bennu completely misses you. x3
The bennu claws you but does no damage. The bennu closely misses you.
An ushabti comes into view.
The mummy priest pulls the alarm!
The alarm trap emits a blaring wail!
The mark upon you grows brighter.
A mummy priest comes into view.
The bennu pecks you!!
You die...

Skill      XL: |  1  2  3  4  5  6  7  8  9 10 11 12 13 14 15 16 17 18 19 20 21 22 23 24 25 26 27 |
---------------+----------------------------------------------------------------------------------+-----
Spellcasting   | 5 6 7 8 9 10 11 12 13 14 15 16 17 26 | 26.0
Invocations    | 1 2 3 4 5 6 7 8 9 10 11 12 13 14 15 16 17 18 27 | 27.0
Fighting       | 1 2 3 4 5 6 7 8 9 10 11 12 13 14 15 16 17 25 | 25.8
Short Blades   | 1 2 3 4 5 6 7 8 9 10 11 12 13 14 15 16 17 25 | 25.8
Long Blades    | 1 2 3 4 5 6 7 8 9 10 11 12 13 14 15 16 17 25 | 25.8
Axes           | 1 2 3 4 5 6 7 8 9 10 11 12 13 14 15 16 17 25 | 25.8
Maces & Flails | 1 2 3 4 5 6 7 8 9 10 11 12 13 14 15 16 17 25 | 25.8
Polearms       | 1 2 3 4 5 6 7 8 9 10 11 12 13 14 15 16 17 25 | 25.8
Staves         | 1 2 3 4 5 6 7 8 9 10 11 12 13 14 15 16 17 18 27 | 27.0
Slings         | 1 2 3 4 5 6 7 8 9 10 11 12 13 14 15 16 17 25 | 25.8
Bows           | 1 2 3 4 5 6 7 8 9 10 11 12 13 14 15 16 17 25 | 25.8
Crossbows      | 1 2 3 4 5 6 7 8 9 10 11 12 13 14 15 16 17 25 | 25.8
Throwing       | 1 2 3 4 5 6 7 8 9 10 11 12 13 14 15 16 17 25 | 25.8
Armour         | 1 2 3 4 5 6 7 8 9 10 11 12 13 14 15 16 17 25 | 25.8
Shields        | 1 2 3 4 5 6 7 8 9 10 11 12 13 14 15 16 17 25 | 25.8
Unarmed Combat | 1 2 3 4 5 6 7 8 9 10 11 12 13 14 15 16 17 25 | 25.8
Evocations     | 1 2 3 4 5 6 7 8 9 10 11 12 13 14 15 16 17 25 | 25.8
Hexes          | 1 2 3 4 5 6 7 8 9 10 11 12 13 14 22 | 22.5
Summonings     | 1 2 3 4 5 6 7 8 9 10 11 12 13 14 22 | 22.5
Necromancy     | 1 2 3 4 5 6 7 8 9 10 11 12 13 14 22 | 22.5
Translocations | 1 2 3 4 5 6 7 8 9 10 11 12 13 14 15 16 17 25 | 25.2
Transmutations | 1 2 3 4 5 6 7 8 9 10 11 12 13 14 22 | 22.5
Fire Magic     | 1 2 3 4 5 6 7 8 9 10 11 12 13 14 22 | 22.5
Ice Magic      | 1 2 3 4 5 6 7 8 9 10 11 12 13 14 22 | 22.5
Air Magic      | 1 2 3 4 5 6 7 8 9 10 11 12 13 14 22 | 22.5
Earth Magic    | 1 2 3 4 5 6 7 8 9 10 11 12 13 14 22 | 22.5
Poison Magic   | 1 2 3 4 5 6 7 8 9 10 11 12 13 14 22 | 22.5
Dodging        | 5 6 7 8 9 10 11 12 13 14 15 16 17 26 | 26.0
Stealth        | 5 6 7 8 9 10 11 12 13 14 15 16 17 26 | 26.0
Conjurations   | 8 9 10 11 12 13 14 15 16 23 | 23.1

Action                   |  1- 3 |  4- 6 |  7- 9 | 10-12 | 13-15 | 16-18 | 19-21 | 22-24 | 25-27 || total
-------------------------+-------+-------+-------+-------+-------+-------+-------+-------+-------++-------
Melee: Unarmed           |    13 |       |       |       |       |       |       |       |       ||    13
       Bite              |     2 |       |    10 |    20 |    11 |    26 |    50 |    38 |   701 ||   858
       Whip              |       |     2 |    35 |       |       |       |       |       |       ||    37
       Staff             |       |       |    34 |   110 |    93 |   192 |   377 |   315 |  4140 ||  5261
       Fustibalus        |       |       |       |       |     1 |       |       |       |       ||     1
       Short sword       |       |       |       |       |       |       |       |       |    32 ||    32
 Fire: Fustibalus        |       |       |       |       |   468 |   598 |   434 |    28 |  1841 ||  3369
Throw: Throwing net      |       |       |       |     1 |       |       |       |       |       ||     1
       Dart              |       |       |       |   152 |    26 |     5 |       |       |       ||   183
       Boomerang         |       |       |       |       |       |       |     1 |       |   401 ||   402
       Javelin           |       |       |       |       |       |       |       |       |     2 ||     2
 Cast: Magic Dart        |    61 |   127 |   168 |   154 |   347 |       |       |       |       ||   857
       Searing Ray       |     1 |     8 |    41 |   117 |    95 |     5 |     5 |       |     1 ||   273
       Iskenderun's Myst |       |       |       |    23 |    45 |    12 |    20 |     2 |       ||   102
       Fulminant Prism   |       |       |       |     3 |     4 |     1 |    12 |    11 |       ||    31
       Irradiate         |       |       |       |     5 |    22 |    23 |    15 |     6 |   177 ||   248
       Iskenderun's Batt |       |       |       |       |    58 |       |       |       |       ||    58
       Fireball          |       |       |       |       |    15 |     1 |    14 |    24 |    38 ||    92
       Ozocubu's Refrige |       |       |       |       |       |   332 |   326 |   351 |  1541 ||  2550
       Spellforged Servi |       |       |       |       |       |     1 |       |       |     2 ||     3
       Iron Shot         |       |       |       |       |       |       |       |    25 |   633 ||   658
       Ignition          |       |       |       |       |       |       |       |       |   783 ||   783
       Necromutation     |       |       |       |       |       |       |       |       |   406 ||   406
       Dispel Undead     |       |       |       |       |       |       |       |       |   397 ||   397
       Shatter           |       |       |       |       |       |       |       |       |    79 ||    79
       Airstrike         |       |       |       |       |       |       |       |       |    56 ||    56
       Tornado           |       |       |       |       |       |       |       |       |    23 ||    23
       Apportation       |       |       |       |       |       |       |       |       |     5 ||     5
       Blink             |       |       |       |       |       |       |       |       |     2 ||     2
       Invisibility      |       |       |       |       |       |       |       |       |     2 ||     2
 Abil: Evoke Flight      |       |       |       |       |       |       |     1 |     9 |       ||    10
       Stop Flying       |       |       |       |       |       |       |       |     6 |       ||     6
Evoke: Wand              |       |     1 |       |       |     9 |    40 |     8 |     7 |    30 ||    95
       Tin of tremorston |       |       |       |       |     1 |       |     2 |     1 |    11 ||    15
       Box of beasts     |       |       |       |       |       |       |       |     1 |     2 ||     3
       Condenser vane    |       |       |       |       |       |       |       |     1 |     2 ||     3
       Phantom mirror    |       |       |       |       |       |       |       |       |     5 ||     5
       Lightning rod     |       |       |       |       |       |       |       |       |     1 ||     1
  Use: Scroll            |       |       |    12 |    15 |     8 |     9 |     8 |    14 |    95 ||   161
       Potion            |       |       |     4 |       |       |     1 |     1 |       |    21 ||    27
 Stab: Held in net/web   |       |       |       |     1 |       |       |       |       |       ||     1
       Sleeping          |       |       |       |       |       |     1 |     8 |     6 |    37 ||    52
       Invisible         |       |       |       |       |       |     1 |       |       |     3 ||     4
       Distracted        |       |       |       |       |       |       |       |     1 |    20 ||    21
Armor: Robe              |     5 |     1 |     5 |       |       |       |    42 |    35 |   824 ||   912
       Steam dragon scal |       |       |     3 |    11 |       |       |       |       |       ||    14
       Ring mail         |       |       |       |    67 |   101 |   146 |    63 |       |       ||   377
       Quicksilver drago |       |       |       |       |       |       |       |       |    32 ||    32
Dodge: Dodged            |    17 |    18 |    94 |   167 |   209 |   269 |   215 |   144 |  3736 ||  4869
       Repelled          |       |       |       |       |       |       |       |       |    77 ||    77
Block: Buckler           |       |       |    15 |   110 |   211 |   244 |    71 |       |       ||   651
       Kite shield       |       |       |       |    23 |       |       |   239 |   221 |  5216 ||  5699
       Reflection        |       |       |       |     7 |    19 |    26 |    43 |    38 |    11 ||   144

Levels and vault maps discovered:
D:1:      minmay_arrival_stair_chambers, layout_rooms,
          chequers_serial_rivers_room_b
D:2:      layout_rooms
D:3:      layout_basic, uniq_ijyb
D:4:      layout_basic, lemuel_doored_altar, nicolae_qazlal_style_of_elements,
          serial_shops, nicolae_shop_crystal, fedhas_bush_and_centaur_altar
D:5:      layout_basic, makhleb_blood_cavern_becter,
          nicolae_ossuary_entry_monument, serial_shops, shop, kennysheep_path_1,
          cheibrodos_ashenzari_chains, uniq_pikel
D:6:      wad_woods_tower, layout_loops_ring, nicolae_overflow_hidden_temple,
          uniq_blork_the_orc, uniq_maggie, uniq_prince_ribbit1
D:7:      minmay_the_grid_triangle_9x9_rhombus_thin
          [minmay_the_grid_triangle_9x9_limited_checkers,
          minmay_the_grid_triangle_9x9_prize_center,
          minmay_the_grid_triangle_9x9_corruption,
          minmay_the_grid_triangle_9x9_sprig], layout_gridville,
          lemuel_coloured_pillars_altar, minmay_temple_entry_crystal_x
D:8:      layout_loops_ring, lemuel_round_altar, trog_ov_bears_minmay,
          serial_shops, shop, shop, nicolae_shop_statue_plus,
          kennysheep_little_box, grunt_dithmenos_shadows, uniq_harold
D:9:      gammafunk_boulding_lane, layout_irregular_city, dpeg_oklobed_lair
D:10:     layout_roguey
D:11:     minmay_tearing_corner, layout_basic, sword_in_stone
D:12:     layout_basic, orc_0_dummy
D:13:     layout_irregular_city, erik_vaults_1, portal_ice_cave_entry_ice_beasts
D:14:     layout_loops_corners, basic_altar
D:15:     hangedman_depths_entry_try_elsewhere_first, layout_irregular_city,
          chequers_hall_statues_y, basic_altar
Temple:   kb_corrupted_temple
Lair:1:   layout_regular_city, basic_altar, nicolae_lair_grove_arrangements,
          grunt_megastairs_1, serial_bayou_shore_a, uniq_nergalle
Lair:2:   layout_gridlike, serial_forest, infiniplex_forest_clump_long,
          infiniplex_forest_clump_tiny, infiniplex_forest_clump_large,
          infiniplex_forest_clump_diagonal, uniq_fannar
Lair:3:   lemuel_slime, layout_gridlike, spider_nest_entry_a,
          infiniplex_staircase_pool_2, uniq_gastronok
Lair:4:   layout_long_grid, minmay_shoals_entry_hut, basic_altar
Lair:5:   layout_small_grid, minmay_slime_entry_jelly_boxes,
          gammafunk_ghost_icy, beast_lair_carwin_2
Lair:6:   hangedman_lair_in_review, layout_gridlike
Shoals:1: layout_shoals, serial_shops, shop, nicolae_shoals_so_close
Shoals:2: layout_shoals, nicolae_shoals_water_elemental_grotto
Shoals:3: layout_shoals, nicolae_shoals_drake_roost, uniq_polyphemus,
          uniq_ilsuiw
Shoals:4: shoals_end_hangedman, layout_shoals, minmay_shop_mass
Spider:1: nicolae_spider_mines_3
Spider:2: layout_spider_delve, nicolae_orb_island
Spider:3: layout_spider_delve, hangedman_spider_tarantella_strand,
          uniq_bai_suzhen, uniq_arachne, uniq_donald, uniq_louise
Spider:4: grunt_spider_rune_circles, gammafunk_ghost_necromancy, drop_trap,
          nicolae_spider_shape
Slime:1:  layout_caves
Slime:2:  layout_caves
Slime:3:  layout_caves, dissolution_awaits
Slime:4:  layout_caves
Slime:5
Orc:1:    layout_diamond_mine, serial_shops, basic_altar
Orc:2:    grunt_orc_gardens, layout_caves, grunt_orc_garden, grunt_orc_garden,
          grunt_orc_garden, grunt_orc_garden, basic_altar, serial_shops, shop,
          uniq_rupert
Elf:1:    layout_loops_ring, evilmike_minifort, minivault_28, grunt_megastairs_5
Elf:2:    layout_rooms, serial_shops, nicolae_shop_trees, minmay_shop_star,
          uniq_roxanne
Elf:3:    minmay_elf_hall_circle, layout_rooms
Vaults:1: advil_vaults_ghost_lines, nicolae_vaults_yaktaur_gun_rack,
          nicolae_vaults_puzzle_piece, ontoclasm_vaults_ring_small,
          nicolae_vaults_little_squares_3, vaults_dpeg_diagonal,
          grunt_vaults_focal, ontoclasm_vaults_loading_screen,
          layout_vaults_omnigrid
Vaults:2: st_more_cells, minmay_crypt_entry_simple_corners,
          vaults_room_semicircle, v_misc_33, grunt_vaults_hallway_long,
          grunt_vaults_twisty, ontoclasm_vaults_gateway, grunt_vaults_swirl,
          nicolae_vaults_specimen_jars, vaults_room_corners, v_misc_18,
          vaults_room_pool, ontoclasm_vaults_ligature, vaults_dpeg_hooks,
          nicolae_vaults_little_squares_4, layout_vaults_omnicross
Vaults:3: nicolae_vaults_know_your_exits, vaults_room_door_ring,
          vaults_room_hallway, ontoclasm_vaults_ring_small,
          ontoclasm_vaults_hangar, v_misc_33, hangedman_vaults_stream,
          vaults_room_fancy_cross, v_misc_26, ontoclasm_vaults_bender,
          ontoclasm_vaults_misaligned, v_misc_10, layout_vaults_omnibox,
          infiniplex_enter_wizlab_water
Vaults:4: v_alt_pattern_4, ontoclasm_vaults_twist, v_misc_24,
          grunt_vaults_hallway_long, ontoclasm_vaults_hangar,
          nicolae_vaults_bisected_exclaves, vaults_room_stairs_pillars,
          v_misc_27, v_alt_pattern_2, hangedman_vaults_variations,
          vaults_room_large_hall, nicolae_vaults_big_ls, ontoclasm_vaults_pinch,
          nicolae_vaults_little_squares_4, layout_vaults_ring, serial_shops,
          bzr_entry_islet
Vaults:5
Crypt:1:  layout_misc_corridors, basic_altar, grunt_crypt_arrival_guarded_gate
Crypt:2:  layout_gridlike, uniq_jory
Crypt:3:  cryptofortress_bobbens
Tomb:1
Tomb:2:   uniq_khufu
Tomb:3
Depths:1: layout_basic, minmay_misc_feat_five, hell_entry, abyss_entry,
          library_closet, hangedman_abyss_or_decor_lesser_grid,
          kennysheep_two_boxes
Depths:2: gammafunk_depths_water_palace, layout_basic,
          gammafunk_ghost_mausoleum, hangedman_geh_valley, uniq_sojobo
Depths:3: cheibrodos_tormentor_scu, layout_gridville, enter_ziggurat_d,
          pan_entry, hangedman_decor_clover_reticule, pf_coc_iceberg,
          minmay_misc_feat_room, minmay_shop_grove,
          infiniplex_staircase_diamond, uniq_nikola, uniq_xtahua
Depths:4: grunt_profane_halls [grunt_profane_temple_tar,
          grunt_profane_temple_coc, grunt_profane_temple_geh,
          grunt_profane_temple_dis, grunt_profane_loot], abyss_entry,
          hell_entry, pan_entry, uniq_enchantress
Depths:5: lemuel_castle_with_subvaults [lemuel_castle_interior_carwin_3],
          layout_basic, pan_entry, basic_altar, hellmouth_1
Hell
Dis:1:    layout_jigsaw
Dis:2:    layout_subdivisions, hangedman_feature_mirror
Dis:3:    kennysheep_iron_temple, layout_gridville, door_vault, lemuel_elevator
Dis:4:    layout_subdivisions
Dis:5:    layout_gridville, nicolae_dis_strange_trophy_room,
          hangedman_dis_chains, grunt_megastairs_2
Dis:6:    layout_overlapping_boxes, grunt_megastairs_3
Dis:7:    iron_city_of_dis [dis_mu, dis_wall_8], layout_chaotic_city
Geh:1:    layout_gehenna_pools_basic, hangedman_generic_boss_arena
Geh:2:    layout_gehenna_pools_triple, lemuel_elevator
Geh:3:    layout_gehenna_lava_caves
Geh:4:    layout_gehenna_pools_triple, nicolae_geh_fiery_graves
          [nicolae_geh_single_fiery_grave, nicolae_geh_single_fiery_grave,
          nicolae_geh_single_fiery_grave, nicolae_geh_single_fiery_grave,
          nicolae_geh_single_fiery_grave, nicolae_geh_single_fiery_grave,
          nicolae_geh_single_fiery_grave, nicolae_geh_single_fiery_grave,
          nicolae_geh_single_fiery_grave], lemuel_elevator
Geh:5:    layout_gehenna_lava_caves
Geh:6:    layout_gehenna_lava_caves
Geh:7:    geh_mu
Coc:1:    layout_ice_bergs
Coc:2:    layout_cocytus_water_paths
Coc:3:    layout_ice_bergs
Coc:4:    grunt_deathspiral_small, layout_ice_bergs
Coc:5:    layout_ice_bergs
Coc:6:    layout_ice_bergs
Coc:7:    coc_grunt
Tar:1:    layout_catacombs, nicolae_tar_cuneiform_city
Tar:2:    layout_grid_maze
Tar:3:    layout_honeycomb
Tar:4:    layout_cathedral_of_symmetry
Tar:5:    layout_honeycomb
Tar:6:    layout_grid_maze, lemuel_nasty_pond
Tar:7:    tar_mu [tar_mu_maze]
Zot:1:    layout_basic, st_large_dragon_hoard_2
Zot:2:    layout_misc_corridors, nicolae_zot_crop_circle
Zot:3:    layout_twisted_circle, ebering_ghost_reflecting_pool,
          hangedman_hellfire_club
Zot:4:    layout_cathedral_of_symmetry
Zot:5:    layout_twisted_circle, grunt_megastairs_4

Notes
Turn   | Place    | Note
-------+----------+-------------------------------------------
     0 | D:1      | phalm the Gnoll Conjurer began the quest for the Orb.
     0 | D:1      | Reached XP level 1. HP: 13/13 MP: 6/6
     0 | D:1      | magus.rc [v1.9.10]
   106 | D:1      | Reached XP level 2. HP: 19/19 MP: 4/7
   109 | D:1      | Learned a level 2 spell: Searing Ray
   441 | D:1      | Reached XP level 3. HP: 25/25 MP: 2/9
   443 | D:1      | Reached skill level 5 in Spellcasting
   748 | D:1      | Reached skill level 1 in Invocations
  1025 | D:2      | Reached skill level 1 in Fighting
  1025 | D:2      | Reached skill level 1 in Short Blades
  1025 | D:2      | Reached skill level 1 in Long Blades
  1025 | D:2      | Reached skill level 1 in Axes
  1025 | D:2      | Reached skill level 1 in Maces & Flails
  1025 | D:2      | Reached skill level 1 in Polearms
  1025 | D:2      | Reached skill level 1 in Staves
  1025 | D:2      | Reached skill level 1 in Slings
  1025 | D:2      | Reached skill level 1 in Bows
  1025 | D:2      | Reached skill level 1 in Crossbows
  1025 | D:2      | Reached skill level 1 in Throwing
  1025 | D:2      | Reached skill level 1 in Armour
  1025 | D:2      | Reached skill level 1 in Shields
  1025 | D:2      | Reached skill level 1 in Unarmed Combat
  1025 | D:2      | Reached skill level 1 in Evocations
  1135 | D:2      | Reached XP level 4. HP: 32/32 MP: 6/11
  1634 | D:2      | Reached skill level 1 in Hexes
  1634 | D:2      | Reached skill level 1 in Summonings
  1634 | D:2      | Reached skill level 1 in Necromancy
  1634 | D:2      | Reached skill level 1 in Translocations
  1634 | D:2      | Reached skill level 1 in Transmutations
  1634 | D:2      | Reached skill level 1 in Fire Magic
  1634 | D:2      | Reached skill level 1 in Ice Magic
  1634 | D:2      | Reached skill level 1 in Air Magic
  1634 | D:2      | Reached skill level 1 in Earth Magic
  1634 | D:2      | Reached skill level 1 in Poison Magic
  1876 | D:3      | Learned a level 4 spell: Fulminant Prism
  1881 | D:3      | Learned a level 4 spell: Iskenderun's Mystic Blast
  1925 | D:3      | Reached XP level 5. HP: 37/37 MP: 5/12
  2442 | D:3      | Noticed Ijyb
  2446 | D:3      | Killed Ijyb
  2771 | D:4      | Reached skill level 2 in Invocations
  2771 | D:4      | Reached XP level 6. HP: 42/44 MP: 9/13
  2800 | D:4      | Noticed an air elemental
  2801 | D:4      | Found a stormy altar of Qazlal.
  2825 | D:4      | HP: 7/44 [orc priest/divine providence (16)]
  3109 | D:4      | Reached skill level 2 in Fighting
  3109 | D:4      | Reached skill level 2 in Short Blades
  3109 | D:4      | Reached skill level 2 in Long Blades
  3109 | D:4      | Reached skill level 2 in Axes
  3109 | D:4      | Reached skill level 2 in Maces & Flails
  3109 | D:4      | Reached skill level 2 in Polearms
  3109 | D:4      | Reached skill level 2 in Staves
  3109 | D:4      | Reached skill level 2 in Slings
  3109 | D:4      | Reached skill level 2 in Bows
  3109 | D:4      | Reached skill level 2 in Crossbows
  3109 | D:4      | Reached skill level 2 in Throwing
  3109 | D:4      | Reached skill level 2 in Armour
  3109 | D:4      | Reached skill level 5 in Dodging
  3109 | D:4      | Reached skill level 2 in Shields
  3109 | D:4      | Reached skill level 2 in Unarmed Combat
  3109 | D:4      | Reached skill level 2 in Evocations
  3283 | D:4      | Noticed a water elemental
  3284 | D:4      | Noticed a fire elemental
  3301 | D:4      | Found Goahy's Jewellery Shoppe.
  3498 | D:4      | Reached XP level 7. HP: 39/50 MP: 8/15
  3566 | D:4      | Found a blossoming altar of Fedhas.
  3780 | D:4      | Found a shimmering altar of Xom.
  4042 | D:5      | Entered Level 5 of the Dungeon
  4060 | D:5      | Found a sand-covered staircase.
  4072 | Ossuary  | Entered an ossuary
  4076 | Ossuary  | Reached skill level 2 in Hexes
  4076 | Ossuary  | Reached skill level 2 in Summonings
  4076 | Ossuary  | Reached skill level 2 in Necromancy
  4076 | Ossuary  | Reached skill level 2 in Translocations
  4076 | Ossuary  | Reached skill level 2 in Transmutations
  4076 | Ossuary  | Reached skill level 2 in Fire Magic
  4076 | Ossuary  | Reached skill level 2 in Ice Magic
  4076 | Ossuary  | Reached skill level 2 in Air Magic
  4076 | Ossuary  | Reached skill level 2 in Earth Magic
  4076 | Ossuary  | Reached skill level 2 in Poison Magic
  4189 | Ossuary  | Reached skill level 5 in Stealth
  4219 | Ossuary  | HP: 17/76 [mummy (10)]
  4220 | Ossuary  | Reached skill level 3 in Invocations
  4222 | Ossuary  | HP: 3/76 [mummy (14)]
  4679 | D:5      | Found a broken altar of Ashenzari.
  4789 | D:5      | Reached XP level 8. HP: 56/57 MP: 8/16
  4838 | D:5      | Found a burning altar of Makhleb.
  4884 | D:5      | Reached skill level 3 in Fighting
  4884 | D:5      | Reached skill level 3 in Short Blades
  4884 | D:5      | Reached skill level 3 in Long Blades
  4884 | D:5      | Reached skill level 3 in Axes
  4884 | D:5      | Reached skill level 3 in Maces & Flails
  4884 | D:5      | Reached skill level 3 in Polearms
  4884 | D:5      | Reached skill level 3 in Staves
  4884 | D:5      | Reached skill level 3 in Slings
  4884 | D:5      | Reached skill level 3 in Bows
  4884 | D:5      | Reached skill level 3 in Crossbows
  4884 | D:5      | Reached skill level 3 in Throwing
  4884 | D:5      | Reached skill level 3 in Armour
  4884 | D:5      | Reached skill level 3 in Shields
  4884 | D:5      | Reached skill level 3 in Unarmed Combat
  4884 | D:5      | Reached skill level 3 in Evocations
  4999 | D:5      | Noticed Pikel
  5077 | D:5      | Killed Pikel
  5078 | D:5      | Reached skill level 6 in Spellcasting
  5270 | D:5      | Reached skill level 3 in Hexes
  5270 | D:5      | Reached skill level 3 in Summonings
  5270 | D:5      | Reached skill level 3 in Necromancy
  5270 | D:5      | Reached skill level 3 in Translocations
  5270 | D:5      | Reached skill level 3 in Transmutations
  5270 | D:5      | Reached skill level 3 in Fire Magic
  5270 | D:5      | Reached skill level 3 in Ice Magic
  5270 | D:5      | Reached skill level 3 in Air Magic
  5270 | D:5      | Reached skill level 3 in Earth Magic
  5270 | D:5      | Reached skill level 3 in Poison Magic
  5270 | D:5      | Reached skill level 4 in Invocations
  5348 | D:5      | Reached skill level 6 in Dodging
  5512 | D:5      | Found Faawkeump's General Store.
  5542 | D:5      | Reached XP level 9. HP: 65/65 MP: 12/18
  5997 | D:6      | Noticed Maggie
  6007 | D:6      | Killed Maggie
  6008 | D:6      | Reached skill level 4 in Fighting
  6008 | D:6      | Reached skill level 4 in Short Blades
  6008 | D:6      | Reached skill level 4 in Long Blades
  6008 | D:6      | Reached skill level 4 in Axes
  6008 | D:6      | Reached skill level 4 in Maces & Flails
  6008 | D:6      | Reached skill level 4 in Polearms
  6008 | D:6      | Reached skill level 4 in Staves
  6008 | D:6      | Reached skill level 4 in Slings
  6008 | D:6      | Reached skill level 4 in Bows
  6008 | D:6      | Reached skill level 4 in Crossbows
  6008 | D:6      | Reached skill level 4 in Throwing
  6008 | D:6      | Reached skill level 4 in Armour
  6008 | D:6      | Reached skill level 4 in Shields
  6008 | D:6      | Reached skill level 4 in Unarmed Combat
  6008 | D:6      | Reached skill level 4 in Evocations
  6143 | D:6      | Reached skill level 6 in Stealth
  6143 | D:6      | Reached skill level 8 in Conjurations
  6454 | D:6      | Noticed Blork the orc
  6460 | D:6      | Killed Blork the orc
  7030 | D:6      | Found an iron altar of Okawaru.
  7032 | D:6      | Found a glowing golden altar of the Shining One.
  7080 | D:6      | Noticed Prince Ribbit
  7087 | D:6      | Killed Prince Ribbit
  7514 | D:7      | Reached skill level 5 in Invocations
  7770 | D:7      | Found a snail-covered altar of Cheibriados.
  7987 | D:7      | Reached skill level 7 in Spellcasting
  8226 | D:7      | You pick up a book of Geomancy and begin reading...
  8226 | D:7      | You add the spells Sandblast, Passwall, Stone Arrow,
                  | Petrify and Lee's Rapid Deconstruction to your library.
  8237 | D:7      | Found a staircase to the Ecumenical Temple.
  8242 | D:7      | Reached XP level 10. HP: 73/73 MP: 14/20
  8250 | Temple   | Entered the Ecumenical Temple
  8365 | Temple   | Became a worshipper of Vehumet
  8422 | D:7      | Reached skill level 4 in Hexes
  8422 | D:7      | Reached skill level 4 in Summonings
  8422 | D:7      | Reached skill level 4 in Necromancy
  8422 | D:7      | Reached skill level 4 in Translocations
  8422 | D:7      | Reached skill level 4 in Transmutations
  8422 | D:7      | Reached skill level 4 in Fire Magic
  8422 | D:7      | Reached skill level 4 in Ice Magic
  8422 | D:7      | Reached skill level 4 in Air Magic
  8422 | D:7      | Reached skill level 4 in Earth Magic
  8422 | D:7      | Reached skill level 4 in Poison Magic
  8494 | D:7      | Noticed a kobold demonologist
  8500 | D:7      | Reached skill level 5 in Fighting
  8500 | D:7      | Reached skill level 5 in Short Blades
  8500 | D:7      | Reached skill level 5 in Long Blades
  8500 | D:7      | Reached skill level 5 in Axes
  8500 | D:7      | Reached skill level 5 in Maces & Flails
  8500 | D:7      | Reached skill level 5 in Polearms
  8500 | D:7      | Reached skill level 5 in Staves
  8500 | D:7      | Reached skill level 5 in Slings
  8500 | D:7      | Reached skill level 5 in Bows
  8500 | D:7      | Reached skill level 5 in Crossbows
  8500 | D:7      | Reached skill level 5 in Throwing
  8500 | D:7      | Reached skill level 5 in Armour
  8500 | D:7      | Reached skill level 5 in Shields
  8500 | D:7      | Reached skill level 5 in Unarmed Combat
  8500 | D:7      | Reached skill level 5 in Evocations
  8509 | D:7      | Noticed a sun demon
  8509 | D:7      | Killed a kobold demonologist
  8510 | D:7      | Reached skill level 7 in Dodging
  8511 | D:7      | Killed an unseen horror
  8658 | D:7      | Got a pair of dazzling gloves
  8660 | D:7      | Got a heavily runed tin ring
  8676 | D:7      | Identified the +4 pair of gloves of Indomitability {rElec
                  | Regen+} (You found it on level 7 of the Dungeon)
  8678 | D:7      | Identified the ring of Suicidal Tendencies {rF- rN+ Int+8
                  | Slay-5 Stlth-} (You found it on level 7 of the Dungeon)
  9358 | D:8      | Reached skill level 7 in Stealth
  9358 | D:8      | Reached skill level 6 in Invocations
  9366 | D:8      | Reached * piety under Vehumet
  9366 | D:8      | Offered knowledge of Shock by Vehumet.
  9564 | D:6      | Found a shimmering blue altar of Sif Muna.
  9564 | D:6      | Found an ancient bone altar of Kikubaaqudgha.
  9567 | D:6      | Found a sparkling altar of Nemelex Xobeh.
  9672 | D:8      | Found Loxkud's Antique Armour Shoppe.
  9673 | D:8      | Got an encrusted ring mail
  9687 | D:7      | Identified the +3 ring mail of Doyzaom {rPois Str+9} (You
                  | found it on level 8 of the Dungeon)
  9831 | D:8      | Bought a runed cloak for 255 gold pieces
  9879 | D:8      | Found Zosok's Magic Scroll Shoppe.
  9896 | D:8      | Found a white marble altar of Elyvilon.
 10005 | D:8      | Found a bloodstained altar of Trog.
 10088 | D:8      | Found Ehub's Book Boutique.
 10228 | D:8      | Noticed Harold
 10263 | D:8      | Killed Harold
 10264 | D:8      | Reached XP level 11. HP: 58/81 MP: 6/22
 10353 | D:8      | Reached skill level 6 in Fighting
 10353 | D:8      | Reached skill level 6 in Short Blades
 10353 | D:8      | Reached skill level 6 in Long Blades
 10353 | D:8      | Reached skill level 6 in Axes
 10353 | D:8      | Reached skill level 6 in Maces & Flails
 10353 | D:8      | Reached skill level 6 in Polearms
 10353 | D:8      | Reached skill level 6 in Staves
 10353 | D:8      | Reached skill level 6 in Slings
 10353 | D:8      | Reached skill level 6 in Bows
 10353 | D:8      | Reached skill level 6 in Crossbows
 10353 | D:8      | Reached skill level 6 in Throwing
 10353 | D:8      | Reached skill level 6 in Armour
 10353 | D:8      | Reached skill level 6 in Shields
 10353 | D:8      | Reached skill level 6 in Unarmed Combat
 10353 | D:8      | Reached skill level 6 in Evocations
 10687 | D:8      | Found a shadowy altar of Dithmenos.
 10693 | D:8      | Reached skill level 5 in Hexes
 10693 | D:8      | Reached skill level 5 in Summonings
 10693 | D:8      | Reached skill level 5 in Necromancy
 10693 | D:8      | Reached skill level 5 in Translocations
 10693 | D:8      | Reached skill level 5 in Transmutations
 10693 | D:8      | Reached skill level 5 in Fire Magic
 10693 | D:8      | Reached skill level 5 in Ice Magic
 10693 | D:8      | Reached skill level 5 in Air Magic
 10693 | D:8      | Reached skill level 5 in Earth Magic
 10693 | D:8      | Reached skill level 5 in Poison Magic
 10752 | D:8      | Found Tisiun's Gadget Shoppe.
 11308 | D:9      | Found a staircase to the Lair.
 11551 | D:9      | Reached skill level 8 in Spellcasting
 11723 | D:9      | Found a transporter.
 11724 | D:9      | Found a transporter.
 11724 | D:9      | Noticed a boulder beetle
 11940 | D:10     | Entered Level 10 of the Dungeon
 11977 | D:10     | Reached ** piety under Vehumet
 11977 | D:10     | Offered knowledge of Freeze by Vehumet.
 12480 | D:10     | magus.rc [v1.9.10]
 12539 | D:10     | Offered knowledge of Static Discharge by Vehumet.
 12702 | D:10     | Reached skill level 9 in Conjurations
 12702 | D:10     | Reached skill level 7 in Invocations
 12962 | D:10     | Reached *** piety under Vehumet
 13115 | D:10     | Reached skill level 8 in Dodging
 13491 | Lair:1   | Entered Level 1 of the Lair of Beasts
 13508 | Lair:1   | Found a stormy altar of Qazlal.
 13936 | Lair:1   | Offered knowledge of Mephitic Cloud by Vehumet.
 13938 | Lair:1   | Reached skill level 8 in Stealth
 14216 | Lair:1   | You pick up a book of Debilitation and begin reading...
 14216 | Lair:1   | You add the spells Corona, Slow, Inner Flame, Portal
                  | Projectile, Cause Fear and Leda's Liquefaction to your
                  | library.
 14264 | Lair:1   | You fall into a shaft and drop 1 floor!
 14274 | Lair:2   | Reached XP level 12. HP: 89/89 MP: 18/24
 14478 | Lair:1   | You fall into a shaft and drop 1 floor!
 14726 | Lair:1   | Noticed Nergalle
 14739 | Lair:1   | Killed Nergalle
 14740 | Lair:1   | Reached skill level 7 in Fighting
 14740 | Lair:1   | Reached skill level 7 in Short Blades
 14740 | Lair:1   | Reached skill level 7 in Long Blades
 14740 | Lair:1   | Reached skill level 7 in Axes
 14740 | Lair:1   | Reached skill level 7 in Maces & Flails
 14740 | Lair:1   | Reached skill level 7 in Polearms
 14740 | Lair:1   | Reached skill level 7 in Staves
 14740 | Lair:1   | Reached skill level 7 in Slings
 14740 | Lair:1   | Reached skill level 7 in Bows
 14740 | Lair:1   | Reached skill level 7 in Crossbows
 14740 | Lair:1   | Reached skill level 7 in Throwing
 14740 | Lair:1   | Reached skill level 7 in Armour
 14740 | Lair:1   | Reached skill level 7 in Shields
 14740 | Lair:1   | Reached skill level 7 in Unarmed Combat
 14740 | Lair:1   | Reached skill level 7 in Evocations
 14933 | Lair:2   | Reached **** piety under Vehumet
 14937 | Lair:2   | Offered knowledge of Irradiate by Vehumet.
 14955 | Lair:1   | Learned a level 5 spell: Irradiate
 15482 | Lair:2   | Reached skill level 6 in Hexes
 15482 | Lair:2   | Reached skill level 6 in Summonings
 15482 | Lair:2   | Reached skill level 6 in Necromancy
 15482 | Lair:2   | Reached skill level 6 in Translocations
 15482 | Lair:2   | Reached skill level 6 in Transmutations
 15482 | Lair:2   | Reached skill level 6 in Fire Magic
 15482 | Lair:2   | Reached skill level 6 in Ice Magic
 15482 | Lair:2   | Reached skill level 6 in Air Magic
 15482 | Lair:2   | Reached skill level 6 in Earth Magic
 15482 | Lair:2   | Reached skill level 6 in Poison Magic
 15537 | Lair:2   | Identified a scroll of acquirement
 15538 | Lair:2   | Acquired a +1 pair of boots of running
 15780 | Lair:2   | Reached skill level 8 in Invocations
 15943 | Lair:2   | Reached skill level 9 in Spellcasting
 16172 | Lair:2   | Noticed Fannar
 16252 | Lair:2   | Killed Fannar
 16703 | Lair:3   | Found a hole to the Spider Nest.
 16950 | Lair:3   | Reached skill level 9 in Dodging
 17359 | Lair:3   | Noticed Gastronok
 17372 | Lair:3   | Killed Gastronok
 17373 | Lair:3   | Reached skill level 9 in Stealth
 17373 | Lair:3   | Reached XP level 13. HP: 82/98 MP: 6/26
 17959 | Lair:3   | Reached skill level 8 in Fighting
 17959 | Lair:3   | Reached skill level 8 in Short Blades
 17959 | Lair:3   | Reached skill level 8 in Long Blades
 17959 | Lair:3   | Reached skill level 8 in Axes
 17959 | Lair:3   | Reached skill level 8 in Maces & Flails
 17959 | Lair:3   | Reached skill level 8 in Polearms
 17959 | Lair:3   | Reached skill level 8 in Staves
 17959 | Lair:3   | Reached skill level 8 in Slings
 17959 | Lair:3   | Reached skill level 8 in Bows
 17959 | Lair:3   | Reached skill level 8 in Crossbows
 17959 | Lair:3   | Reached skill level 8 in Throwing
 17959 | Lair:3   | Reached skill level 8 in Armour
 17959 | Lair:3   | Reached skill level 8 in Shields
 17959 | Lair:3   | Reached skill level 8 in Unarmed Combat
 17959 | Lair:3   | Reached skill level 8 in Evocations
 17964 | Lair:3   | Reached ***** piety under Vehumet
 17964 | Lair:3   | Offered knowledge of Iskenderun's Battlesphere by Vehumet.
 18172 | Lair:3   | Learned a level 5 spell: Iskenderun's Battlesphere
 18712 | Lair:4   | Reached skill level 9 in Invocations
 19139 | Lair:4   | Reached skill level 10 in Conjurations
 19271 | Lair:4   | Found an ancient bone altar of Kikubaaqudgha.
 19460 | Lair:4   | Found a staircase to the Shoals.
 19602 | Lair:4   | Reached skill level 7 in Hexes
 19602 | Lair:4   | Reached skill level 7 in Summonings
 19602 | Lair:4   | Reached skill level 7 in Necromancy
 19602 | Lair:4   | Reached skill level 7 in Translocations
 19602 | Lair:4   | Reached skill level 7 in Transmutations
 19602 | Lair:4   | Reached skill level 7 in Fire Magic
 19602 | Lair:4   | Reached skill level 7 in Ice Magic
 19602 | Lair:4   | Reached skill level 7 in Air Magic
 19602 | Lair:4   | Reached skill level 7 in Earth Magic
 19602 | Lair:4   | Reached skill level 7 in Poison Magic
 20175 | Lair:5   | Offered knowledge of Spellforged Servitor by Vehumet.
 20287 | Lair:5   | Learned a level 7 spell: Spellforged Servitor
 20377 | Lair:5   | Reached skill level 10 in Spellcasting
 20583 | Lair:5   | Found a runed translucent gate.
 20585 | Lair:5   | Found a runed translucent gate.
 20586 | Lair:5   | Found a runed translucent gate.
 20667 | Lair:5   | Noticed Zeld's ghost (journeyman FeBe)
 20674 | Lair:5   | Noticed an ice dragon
 20721 | Lair:5   | Found a staircase to the Slime Pits.
 21752 | Lair:5   | Killed Zeld's ghost
 21753 | Lair:5   | Reached XP level 14. HP: 32/106 MP: 17/28
 21938 | Lair:5   | Reached skill level 10 in Dodging
 22207 | Lair:6   | Entered Level 6 of the Lair of Beasts
 22222 | Lair:6   | Reached skill level 9 in Fighting
 22222 | Lair:6   | Reached skill level 9 in Short Blades
 22222 | Lair:6   | Reached skill level 9 in Long Blades
 22222 | Lair:6   | Reached skill level 9 in Axes
 22222 | Lair:6   | Reached skill level 9 in Maces & Flails
 22222 | Lair:6   | Reached skill level 9 in Polearms
 22222 | Lair:6   | Reached skill level 9 in Staves
 22222 | Lair:6   | Reached skill level 9 in Slings
 22222 | Lair:6   | Reached skill level 9 in Bows
 22222 | Lair:6   | Reached skill level 9 in Crossbows
 22222 | Lair:6   | Reached skill level 9 in Throwing
 22222 | Lair:6   | Reached skill level 9 in Armour
 22222 | Lair:6   | Reached skill level 9 in Shields
 22222 | Lair:6   | Reached skill level 9 in Unarmed Combat
 22222 | Lair:6   | Reached skill level 9 in Evocations
 22227 | Lair:6   | Reached skill level 10 in Stealth
 22529 | Lair:6   | Found the +3 sling "Punk" {acid, rCorr}
 22943 | Lair:6   | Reached skill level 10 in Invocations
 23056 | Lair:6   | You pick up a book of Flames and begin reading...
 23056 | Lair:6   | You add the spells Foxfire, Conjure Flame, Sticky Flame and
                  | Fireball to your library.
 23063 | Lair:6   | Learned a level 5 spell: Fireball
 24166 | Lair:6   | Noticed a dire elephant
 24205 | Lair:6   | Killed a dire elephant
 24600 | D:11     | Reached skill level 8 in Hexes
 24600 | D:11     | Reached skill level 8 in Summonings
 24600 | D:11     | Reached skill level 8 in Necromancy
 24600 | D:11     | Reached skill level 8 in Translocations
 24600 | D:11     | Reached skill level 8 in Transmutations
 24600 | D:11     | Reached skill level 8 in Fire Magic
 24600 | D:11     | Reached skill level 8 in Ice Magic
 24600 | D:11     | Reached skill level 8 in Air Magic
 24600 | D:11     | Reached skill level 8 in Earth Magic
 24600 | D:11     | Reached skill level 8 in Poison Magic
 24605 | D:11     | Offered knowledge of Lightning Bolt by Vehumet.
 24618 | D:11     | Really attack while wielding the +3 sling "Punk" {acid,
                  | rCorr}?
 24623 | D:11     | Noticed a stone giant
 24628 | D:11     | Killed a stone giant
 24681 | D:11     | Noticed a stone giant
 24687 | D:11     | Killed a stone giant
 24702 | D:11     | Identified the ring of Sloth {rPois Int+4 Dex+4}
 24733 | D:11     | Reached XP level 15. HP: 115/115 MP: 29/29
 25287 | D:11     | Reached skill level 11 in Spellcasting
 25346 | D:11     | You pick up a book of Clouds and begin reading...
 25346 | D:11     | You add the spells Poisonous Vapours, Mephitic Cloud and
                  | Freezing Cloud to your library.
 25520 | D:11     | Noticed Urug
 25531 | D:11     | Killed Urug
 25550 | D:11     | Noticed Erica
 25551 | D:11     | Noticed Joseph
 25562 | D:11     | Killed Erica
 25562 | D:11     | Killed Joseph
 25644 | D:11     | You pick up a book of the Sky and begin reading...
 25644 | D:11     | You add the spells Summon Lightning Spire, Silence, Conjure
                  | Ball Lightning and Tornado to your library.
 25752 | D:11     | Reached skill level 10 in Fighting
 25752 | D:11     | Reached skill level 10 in Short Blades
 25752 | D:11     | Reached skill level 10 in Long Blades
 25752 | D:11     | Reached skill level 10 in Axes
 25752 | D:11     | Reached skill level 10 in Maces & Flails
 25752 | D:11     | Reached skill level 10 in Polearms
 25752 | D:11     | Reached skill level 10 in Staves
 25752 | D:11     | Reached skill level 10 in Slings
 25752 | D:11     | Reached skill level 10 in Bows
 25752 | D:11     | Reached skill level 10 in Crossbows
 25752 | D:11     | Reached skill level 10 in Throwing
 25752 | D:11     | Reached skill level 10 in Armour
 25752 | D:11     | Reached skill level 10 in Shields
 25752 | D:11     | Reached skill level 10 in Unarmed Combat
 25752 | D:11     | Reached skill level 10 in Evocations
 26502 | D:12     | Really attack while wielding the +3 sling "Punk" {acid,
                  | rCorr}?
 26530 | D:12     | Offered knowledge of Bolt of Magma by Vehumet.
 26572 | D:12     | You pick up a book of Minor Magic and begin reading...
 26572 | D:12     | You add the spells Blink and Call Imp to your library.
 26626 | D:12     | Reached skill level 11 in Dodging
 26851 | D:12     | Found a staircase to the Orcish Mines.
 27012 | D:13     | Reached skill level 11 in Conjurations
 27016 | D:13     | Found a frozen archway.
 27072 | IceCv    | Entered an ice cave
 27183 | IceCv    | Reached skill level 11 in Invocations
 27558 | IceCv    | Found the +9 staff of Wucad Mu {*channel}
 27558 | IceCv    | Found the +8 frozen axe "Frostbite" {freezing cloud, *Noise
                  | +Fly rC+}
 27579 | IceCv    | Identified the +2 robe of the Swamp {rN+} (You found it in
                  | an ice cave)
 27824 | D:13     | Reached skill level 11 in Stealth
 28027 | D:13     | Found a gate to the Vaults.
 28719 | Orc:1    | Entered Level 1 of the Orcish Mines
 28792 | Orc:1    | Offered knowledge of Orb of Destruction by Vehumet.
 29074 | Orc:1    | Found a roughly hewn altar of Beogh.
 29236 | Orc:2    | Entered Level 2 of the Orcish Mines
 29236 | Orc:2    | Found Tannubbad's Antique Armour Shop.
 29312 | Orc:2    | Noticed Rupert
 29322 | Orc:2    | Killed Rupert
 29323 | Orc:2    | Reached XP level 16. HP: 123/123 MP: 23/31
 29491 | Orc:2    | Found a staircase to the Elven Halls.
 29495 | Orc:2    | Bought a pair of distressingly furry boots for 161 gold
                  | pieces
 29505 | Orc:2    | Identified the +1 pair of boots of the Ego {*Slow rF+++
                  | SInv Stlth+} (You bought it in a shop on level 2 of the
                  | Orcish Mines)
 29709 | Orc:2    | Found Cuant's Book Boutique.
 29796 | Orc:2    | Found Uloproyl's Antique Weapon Emporium.
 29809 | Orc:2    | Reached skill level 9 in Hexes
 29809 | Orc:2    | Reached skill level 9 in Summonings
 29809 | Orc:2    | Reached skill level 9 in Necromancy
 29809 | Orc:2    | Reached skill level 9 in Translocations
 29809 | Orc:2    | Reached skill level 9 in Transmutations
 29809 | Orc:2    | Reached skill level 9 in Fire Magic
 29809 | Orc:2    | Reached skill level 9 in Ice Magic
 29809 | Orc:2    | Reached skill level 9 in Air Magic
 29809 | Orc:2    | Reached skill level 9 in Earth Magic
 29809 | Orc:2    | Reached skill level 9 in Poison Magic
 29942 | Orc:2    | Found a shimmering altar of Xom.
 30099 | Orc:2    | Found Oggimam's General Store.
 30216 | Orc:2    | Found Jiujol's Antique Armour Boutique.
 30228 | Orc:2    | Bought a slimy cloak for 256 gold pieces
 30238 | Orc:2    | Identified the +1 cloak "Erphocvi" {rPois rF- rN+ Slay+6}
                  | (You bought it in a shop on level 2 of the Orcish Mines)
 30322 | Orc:2    | Bought a faintly glowing short sword for 240 gold pieces
 30322 | Orc:2    | Identified the +2 short sword of the Trees {vorpal, rC+}
                  | (You bought it in a shop on level 2 of the Orcish Mines)
 30367 | Orc:2    | Bought a book of Ice for 845 gold pieces
 30367 | Orc:2    | You pick up a book of Ice and begin reading...
 30367 | Orc:2    | You add the spells Ice Form, Metabolic Englaciation,
                  | Ozocubu's Refrigeration and Simulacrum to your library.
 30374 | Orc:2    | Learned a level 6 spell: Ozocubu's Refrigeration
 30945 | D:13     | Offered knowledge of Starburst by Vehumet.
 32051 | D:14     | Found a stormy altar of Qazlal.
 32081 | D:14     | Reached ****** piety under Vehumet
 32341 | D:15     | Entered Level 15 of the Dungeon
 32515 | D:15     | Found a staircase to the Depths.
 32546 | D:15     | Found a glowing silver altar of Zin.
 33467 | Depths:1 | Entered Level 1 of the Depths
 33480 | Depths:1 | Reached skill level 11 in Fighting
 33480 | Depths:1 | Reached skill level 11 in Short Blades
 33480 | Depths:1 | Reached skill level 11 in Long Blades
 33480 | Depths:1 | Reached skill level 11 in Axes
 33480 | Depths:1 | Reached skill level 11 in Maces & Flails
 33480 | Depths:1 | Reached skill level 11 in Polearms
 33480 | Depths:1 | Reached skill level 11 in Staves
 33480 | Depths:1 | Reached skill level 11 in Slings
 33480 | Depths:1 | Reached skill level 11 in Bows
 33480 | Depths:1 | Reached skill level 11 in Crossbows
 33480 | Depths:1 | Reached skill level 11 in Throwing
 33480 | Depths:1 | Reached skill level 11 in Armour
 33480 | Depths:1 | Reached skill level 11 in Shields
 33480 | Depths:1 | Reached skill level 11 in Unarmed Combat
 33480 | Depths:1 | Reached skill level 11 in Evocations
 33482 | Depths:1 | Reached skill level 12 in Spellcasting
 33745 | Depths:1 | Reached skill level 12 in Invocations
 34274 | Depths:1 | Found a gateway to Hell.
 34524 | Shoals:1 | Entered Level 1 of the Shoals
 34532 | Shoals:1 | Reached skill level 12 in Dodging
 34537 | Shoals:1 | Reached XP level 17. HP: 117/131 MP: 7/33
 35103 | Shoals:1 | Found Beasouna's Book Emporium.
 35528 | Shoals:2 | Offered knowledge of Iron Shot by Vehumet.
 35529 | Shoals:2 | Reached skill level 12 in Stealth
 35837 | Shoals:2 | You pick up a book of Changes and begin reading...
 35837 | Shoals:2 | You add the spells Beastly Appendage, Wereblood, Spider
                  | Form and Blade Hands to your library.
 36724 | Shoals:3 | Found the +5 scythe "Finisher" {speed, eviscerate}
 36905 | Shoals:3 | Noticed Ilsuiw
 36921 | Shoals:3 | Killed Ilsuiw
 37949 | Shoals:3 | Reached skill level 12 in Conjurations
 37951 | Shoals:3 | Noticed Polyphemus
 37960 | Shoals:3 | Killed Polyphemus
 37961 | Shoals:3 | Reached skill level 10 in Hexes
 37961 | Shoals:3 | Reached skill level 10 in Summonings
 37961 | Shoals:3 | Reached skill level 10 in Necromancy
 37961 | Shoals:3 | Reached skill level 10 in Translocations
 37961 | Shoals:3 | Reached skill level 10 in Transmutations
 37961 | Shoals:3 | Reached skill level 10 in Fire Magic
 37961 | Shoals:3 | Reached skill level 10 in Ice Magic
 37961 | Shoals:3 | Reached skill level 10 in Air Magic
 37961 | Shoals:3 | Reached skill level 10 in Earth Magic
 37961 | Shoals:3 | Reached skill level 10 in Poison Magic
 38161 | Shoals:4 | Entered Level 4 of the Shoals
 38411 | Shoals:4 | Got a scorched rapier
 38444 | Shoals:4 | Identified the cursed +0 rapier of Untruth {speed, rElec
                  | Str+3} (You found it on level 4 of the Shoals)
 38851 | Shoals:4 | Found Ynonacudd's Mass Market.
 38878 | Shoals:4 | Offered knowledge of Shatter by Vehumet.
 38878 | Shoals:4 | Offered knowledge of Chain Lightning by Vehumet.
 38878 | Shoals:4 | Offered knowledge of Ignition by Vehumet.
 38962 | Shoals:4 | You pick up a book of Fire and begin reading...
 38962 | Shoals:4 | You add the spells Ignite Poison, Starburst and Ignition to
                  | your library.
 38973 | Shoals:4 | Identified the +5 plate armour of Distant Worlds {rElec
                  | Will+ Int+4 Slay+2} (You found it on level 4 of the Shoals)
 39370 | Shoals:4 | Reached XP level 18. HP: 140/140 MP: 11/34
 39729 | Shoals:4 | Reached skill level 12 in Fighting
 39729 | Shoals:4 | Reached skill level 12 in Short Blades
 39729 | Shoals:4 | Reached skill level 12 in Long Blades
 39729 | Shoals:4 | Reached skill level 12 in Axes
 39729 | Shoals:4 | Reached skill level 12 in Maces & Flails
 39729 | Shoals:4 | Reached skill level 12 in Polearms
 39729 | Shoals:4 | Reached skill level 12 in Staves
 39729 | Shoals:4 | Reached skill level 12 in Slings
 39729 | Shoals:4 | Reached skill level 12 in Bows
 39729 | Shoals:4 | Reached skill level 12 in Crossbows
 39729 | Shoals:4 | Reached skill level 12 in Throwing
 39729 | Shoals:4 | Reached skill level 12 in Armour
 39729 | Shoals:4 | Reached skill level 12 in Shields
 39729 | Shoals:4 | Reached skill level 12 in Unarmed Combat
 39729 | Shoals:4 | Reached skill level 12 in Evocations
 39788 | Shoals:4 | Got a barnacled rune of Zot
 40224 | Spider:1 | Entered Level 1 of the Spider Nest
 40229 | Spider:1 | Reached skill level 13 in Invocations
 40377 | Spider:1 | Got a faintly humming leather armour
 40417 | Spider:1 | Identified the cursed +1 leather armour "Wappeshy" {rF+ rC-
                  | Int+3 Slay+2} (You found it on level 1 of the Spider Nest)
 41155 | Spider:1 | Reached skill level 13 in Spellcasting
 42096 | Spider:2 | Reached skill level 13 in Dodging
 42631 | Spider:3 | Noticed Arachne
 42644 | Spider:3 | Killed Arachne
 42762 | Spider:3 | Reached skill level 13 in Stealth
 43419 | Spider:3 | Noticed Donald
 43429 | Spider:3 | Killed Donald
 43431 | Spider:3 | a +2 eveningstar of flaming {rare}; a +0 chain mail; a +0
                  | kite shield
 44017 | Spider:3 | Noticed Bai Suzhen
 44017 | Spider:3 | Noticed Louise
 44021 | Spider:3 | Killed Louise
 44033 | Spider:3 | Killed Bai Suzhen
 44034 | Spider:3 | Reached XP level 19. HP: 147/147 MP: 11/36
 44596 | Spider:4 | Entered Level 4 of the Spider Nest
 45146 | Spider:4 | Reached skill level 11 in Hexes
 45146 | Spider:4 | Reached skill level 11 in Summonings
 45146 | Spider:4 | Reached skill level 11 in Necromancy
 45146 | Spider:4 | Reached skill level 11 in Translocations
 45146 | Spider:4 | Reached skill level 11 in Transmutations
 45146 | Spider:4 | Reached skill level 11 in Fire Magic
 45146 | Spider:4 | Reached skill level 11 in Ice Magic
 45146 | Spider:4 | Reached skill level 11 in Air Magic
 45146 | Spider:4 | Reached skill level 11 in Earth Magic
 45146 | Spider:4 | Reached skill level 11 in Poison Magic
 45465 | Spider:4 | You pick up a book of Minor Magic and begin reading...
 45631 | Spider:4 | Found a runed translucent gate.
 45632 | Spider:4 | Found a runed translucent gate.
 45633 | Spider:4 | Found a runed translucent gate.
 45640 | Spider:4 | Noticed ColdPorridge's ghost (adept FoVM)
 46022 | Spider:4 | Got a gossamer rune of Zot
 46124 | Spider:4 | Learned a level 2 spell: Blink
 46150 | Spider:4 | Killed ColdPorridge's ghost
 46358 | D:8      | Bought an ichor-stained ring mail for 306 gold pieces
 46420 | Lair:2   | Identified the +0 ring mail of Vampiric Thralls {Str+2}
                  | (You bought it in a shop on level 8 of the Dungeon)
 47117 | Vaults:1 | Entered Level 1 of the Vaults
 47122 | Vaults:1 | Reached skill level 14 in Invocations
 47123 | Vaults:1 | Reached skill level 13 in Fighting
 47123 | Vaults:1 | Reached skill level 13 in Short Blades
 47123 | Vaults:1 | Reached skill level 13 in Long Blades
 47123 | Vaults:1 | Reached skill level 13 in Axes
 47123 | Vaults:1 | Reached skill level 13 in Maces & Flails
 47123 | Vaults:1 | Reached skill level 13 in Polearms
 47123 | Vaults:1 | Reached skill level 13 in Staves
 47123 | Vaults:1 | Reached skill level 13 in Slings
 47123 | Vaults:1 | Reached skill level 13 in Bows
 47123 | Vaults:1 | Reached skill level 13 in Crossbows
 47123 | Vaults:1 | Reached skill level 13 in Throwing
 47123 | Vaults:1 | Reached skill level 13 in Armour
 47123 | Vaults:1 | Reached skill level 13 in Shields
 47123 | Vaults:1 | Reached skill level 13 in Unarmed Combat
 47123 | Vaults:1 | Reached skill level 13 in Evocations
 47394 | Vaults:1 | You fall into a shaft and drop 1 floor!
 47513 | Vaults:2 | Got an encrusted great sword
 47597 | Vaults:2 | Reached skill level 13 in Conjurations
 47979 | Vaults:2 | Found a staircase to the Crypt.
 48149 | Vaults:2 | Reached XP level 20. HP: 156/156 MP: 29/37
 48541 | Vaults:2 | Reached skill level 14 in Spellcasting
 49091 | Vaults:2 | Reached skill level 14 in Dodging
 49766 | Vaults:3 | Reached skill level 12 in Translocations
 49787 | Vaults:3 | Found a magical portal.
 49796 | WizLab   | Entered The Roulette of Golubria
 49796 | WizLab   | Found a transporter.
 49799 | WizLab   | Found a corrupted altar of Lugonu.
 49800 | WizLab   | Found the +2 cloak of the Thief {*Fog Slay-2 SInv Stlth+}
 49868 | WizLab   | Reached skill level 14 in Stealth
 50043 | WizLab   | Found a transporter.
 50050 | WizLab   | Found a transporter.
 50072 | WizLab   | Found a transporter.
 50085 | WizLab   | Found a transporter.
 50151 | WizLab   | Found a transporter.
 50189 | WizLab   | Found a transporter.
 50315 | WizLab   | Found a transporter.
 50315 | WizLab   | Found a transporter.
 50317 | WizLab   | Identified the Guide on Dislocation
 50318 | WizLab   | You add the spells Lesser Beckoning, Teleport Other, Summon
                  | Forest, Dispersal and Malign Gateway to your library.
 50347 | WizLab   | Found a transporter.
 50375 | WizLab   | Found a transporter.
 50563 | WizLab   | Found a transporter.
 50689 | WizLab   | Found a transporter.
 50823 | WizLab   | You pick up a book of Necromancy and begin reading...
 50823 | WizLab   | You add the spells Pain, Animate Skeleton, Vampiric
                  | Draining, Animate Dead and Agony to your library.
 50831 | WizLab   | Found a transporter.
 50938 | WizLab   | Identified Golubria's Volume of Translocation
 50939 | WizLab   | You add the spells Apportation, Passage of Golubria and
                  | Disjunction to your library.
 50951 | WizLab   | Found a transporter.
 50951 | WizLab   | Found a transporter.
 50957 | WizLab   | Found a corrupted altar of Lugonu.
 51118 | WizLab   | Found a transporter.
 51122 | WizLab   | Identified the +8 great sword of Exhibitionism {protect,
                  | +Rage rC++ Int+4 Dex-3} (You found it on level 2 of the
                  | Vaults)
 51154 | WizLab   | Got a pitted cloak
 51166 | WizLab   | Got a polished cloak
 51193 | WizLab   | Found a transporter.
 51283 | WizLab   | Found a transporter.
 51283 | WizLab   | Found a transporter.
 51800 | Lair:2   | Identified the +0 cloak of Cakesyisi {rPois Regen+ rCorr}
                  | (You found it in a wizard's laboratory)
 51810 | Lair:2   | Identified the +1 cloak of the Realm of Zot {Dex+4} (You
                  | found it in a wizard's laboratory)
 52103 | Orc:2    | Bought a book of Power for 585 gold pieces
 52103 | Orc:2    | You pick up a book of Power and begin reading...
 52103 | Orc:2    | You add the spells Bolt of Magma, Iron Shot and Orb of
                  | Destruction to your library.
 52115 | Orc:2    | Learned a level 6 spell: Iron Shot
 52131 | Elf:1    | Entered Level 1 of the Elven Halls
 52361 | Elf:1    | You fall into a shaft and drop 1 floor!
 52751 | Elf:2    | Found a runed translucent gate.
 52751 | Elf:2    | Found a runed translucent gate.
 52751 | Elf:2    | Found a runed translucent gate.
 53038 | Elf:2    | Noticed Roxanne
 53067 | Elf:2    | Killed Roxanne
 53175 | Elf:2    | Found Jiotiz's Book Emporium.
 53175 | Elf:2    | Found Othraatra's Gadget Shoppe.
 53234 | Elf:2    | Reached XP level 21. HP: 164/164 MP: 39/39
 53319 | Elf:2    | Found Tuteax's Antique Weapon Boutique.
 53435 | Elf:2    | Found Noppu's Jewellery Emporium.
 53451 | Elf:2    | Bought the ring "Ruqaf" {rC+ Str+6} for 535 gold pieces
 53559 | Elf:2    | You pick up a book of Cantrips and begin reading...
 53572 | Elf:2    | You pick up a book of the Earth and begin reading...
 53572 | Elf:2    | You add the spells Statue Form and Shatter to your library.
 54066 | Elf:1    | You pick up a book of Flames and begin reading...
 55061 | Elf:3    | Entered Level 3 of the Elven Halls
 55088 | Elf:3    | Reached skill level 15 in Invocations
 55161 | Elf:3    | Reached skill level 12 in Hexes
 55161 | Elf:3    | Reached skill level 12 in Summonings
 55161 | Elf:3    | Reached skill level 12 in Necromancy
 55161 | Elf:3    | Reached skill level 12 in Transmutations
 55161 | Elf:3    | Reached skill level 12 in Fire Magic
 55161 | Elf:3    | Reached skill level 12 in Ice Magic
 55161 | Elf:3    | Reached skill level 12 in Air Magic
 55161 | Elf:3    | Reached skill level 12 in Earth Magic
 55161 | Elf:3    | Reached skill level 12 in Poison Magic
 55841 | Elf:3    | Reached skill level 14 in Fighting
 55841 | Elf:3    | Reached skill level 14 in Short Blades
 55841 | Elf:3    | Reached skill level 14 in Long Blades
 55841 | Elf:3    | Reached skill level 14 in Axes
 55841 | Elf:3    | Reached skill level 14 in Maces & Flails
 55841 | Elf:3    | Reached skill level 14 in Polearms
 55841 | Elf:3    | Reached skill level 14 in Staves
 55841 | Elf:3    | Reached skill level 14 in Slings
 55841 | Elf:3    | Reached skill level 14 in Bows
 55841 | Elf:3    | Reached skill level 14 in Crossbows
 55841 | Elf:3    | Reached skill level 14 in Throwing
 55841 | Elf:3    | Reached skill level 14 in Armour
 55841 | Elf:3    | Reached skill level 14 in Shields
 55841 | Elf:3    | Reached skill level 14 in Unarmed Combat
 55841 | Elf:3    | Reached skill level 14 in Evocations
 56097 | Elf:3    | Reached skill level 13 in Translocations
 56335 | Elf:3    | Identified the +4 scimitar "Taom" {antimagic, rC+}
 56769 | Elf:3    | Identified the +5 great sword "Itishruo" {vorpal, rPois
                  | Dex+4}
 56769 | Elf:3    | Identified the ring "Ygheum" {*Contam rF++ Will+ Stlth-}
 56922 | Elf:3    | Identified the +6 flail of the Magi {flame, Dex+2}
 56924 | Elf:3    | Identified the +8 spear of Zesoopon {vamp, rN+}
 56961 | Elf:3    | Identified the cursed +1 chain mail of Udomoust {rN+ rCorr
                  | Slay+3 Stlth-}
 57388 | Elf:3    | You pick up a book of the Earth and begin reading...
 57396 | Elf:3    | You pick up a book of Party Tricks and begin reading...
 57396 | Elf:3    | You add the spells Tukima's Dance, Alistair's Intoxication
                  | and Invisibility to your library.
 57399 | Elf:3    | You pick up a book of Frost and begin reading...
 57399 | Elf:3    | You add the spells Freeze, Frozen Ramparts, Ozocubu's
                  | Armour, Hailstorm and Summon Ice Beast to your library.
 57403 | Elf:3    | You add the spells Corpse Rot, Eringya's Noxious Bog, Hydra
                  | Form and Summon Hydra to your library.
 57415 | Elf:3    | You pick up a book of Power and begin reading...
 57433 | Elf:3    | Identified the Catalogue of Floating Enchantment
 57434 | Elf:3    | You add the spells Swiftness, Ensorcelled Hibernation,
                  | Static Discharge, Confusing Touch and Yara's Violent
                  | Unravelling to your library.
 58068 | Vaults:1 | Found a large runed translucent door.
 58068 | Vaults:1 | Found a large runed translucent door.
 58068 | Vaults:1 | Found a large runed translucent door.
 58068 | Vaults:1 | Found a large runed translucent door.
 58068 | Vaults:1 | Found a large runed translucent door.
 58068 | Vaults:1 | Found a large runed translucent door.
 58068 | Vaults:1 | Noticed vegansnacktivist's ghost (adept DDFi)
 58069 | Vaults:1 | Found a large runed translucent door.
 58069 | Vaults:1 | Found a large runed translucent door.
 58091 | Vaults:1 | Killed vegansnacktivist's ghost
 58234 | Vaults:1 | Got a pitted golden ring
 59114 | Vaults:1 | Reached skill level 15 in Spellcasting
 59184 | Vaults:1 | Reached XP level 22. HP: 172/172 MP: 41/41
 60046 | Vaults:3 | You pick up a book of Unlife and begin reading...
 60046 | Vaults:3 | You add the spells Borgnjor's Vile Clutch and Death Channel
                  | to your library.
 60518 | Vaults:3 | Reached skill level 15 in Dodging
 60909 | Vaults:3 | Reached skill level 14 in Conjurations
 61408 | Vaults:3 | Identified the ring of Righump {+Fly Dex+3} (You found it
                  | on level 1 of the Vaults)
 61654 | Vaults:4 | You pick up a book of Cantrips and begin reading...
 61674 | Vaults:4 | Reached skill level 15 in Stealth
 61711 | Vaults:4 | Found a flickering gateway to a bazaar.
 61723 | Bazaar   | Entered a bazaar
 61752 | Bazaar   | Found Gosiax's Gadget Shoppe.
 61782 | Bazaar   | Found Quyma's Gadget Shoppe.
 61846 | Bazaar   | Found Vuohof's Magic Scroll Shoppe.
 61897 | Bazaar   | Found Duzeusai's Jewellery Boutique.
 62479 | Bazaar   | Bought a scroll of blinking for 60 gold pieces
 62479 | Bazaar   | Bought a scroll of enchant armour for 60 gold pieces
 62975 | Vaults:4 | magus.rc [v1.9.10]
 63717 | Vaults:4 | Reached skill level 14 in Translocations
 64437 | Vaults:4 | Reached skill level 16 in Invocations
 64574 | Vaults:5 | Entered Level 5 of the Vaults
 64576 | Vaults:5 | Noticed a golden dragon
 64578 | Vaults:5 | Reached XP level 23. HP: 152/180 MP: 42/42
 64582 | Vaults:5 | Reached skill level 15 in Fighting
 64582 | Vaults:5 | Reached skill level 15 in Short Blades
 64582 | Vaults:5 | Reached skill level 15 in Long Blades
 64582 | Vaults:5 | Reached skill level 15 in Axes
 64582 | Vaults:5 | Reached skill level 15 in Maces & Flails
 64582 | Vaults:5 | Reached skill level 15 in Polearms
 64582 | Vaults:5 | Reached skill level 15 in Staves
 64582 | Vaults:5 | Reached skill level 15 in Slings
 64582 | Vaults:5 | Reached skill level 15 in Bows
 64582 | Vaults:5 | Reached skill level 15 in Crossbows
 64582 | Vaults:5 | Reached skill level 15 in Throwing
 64582 | Vaults:5 | Reached skill level 15 in Armour
 64582 | Vaults:5 | Reached skill level 15 in Shields
 64582 | Vaults:5 | Reached skill level 15 in Unarmed Combat
 64582 | Vaults:5 | Reached skill level 15 in Evocations
 64582 | Vaults:5 | Killed a golden dragon
 64582 | Vaults:5 | Identified +0 gold dragon scales
 65154 | Depths:1 | Reached skill level 13 in Hexes
 65154 | Depths:1 | Reached skill level 13 in Summonings
 65154 | Depths:1 | Reached skill level 13 in Necromancy
 65154 | Depths:1 | Reached skill level 13 in Transmutations
 65154 | Depths:1 | Reached skill level 13 in Fire Magic
 65154 | Depths:1 | Reached skill level 13 in Ice Magic
 65154 | Depths:1 | Reached skill level 13 in Air Magic
 65154 | Depths:1 | Reached skill level 13 in Earth Magic
 65154 | Depths:1 | Reached skill level 13 in Poison Magic
 65178 | Depths:1 | Found a one-way gate to the infinite horrors of the Abyss.
 65179 | Depths:1 | You pick up a book of Unlife and begin reading...
 65745 | Depths:1 | You pick up a book of Party Tricks and begin reading...
 65747 | Depths:1 | You pick up a book of Cantrips and begin reading...
 66830 | Depths:2 | Noticed an ancient lich
 66833 | Depths:2 | Found a transporter.
 66947 | Depths:2 | Noticed Sojobo
 66976 | Depths:2 | Killed Sojobo
 66977 | Depths:2 | Reached skill level 16 in Spellcasting
 66977 | Depths:2 | Reached skill level 15 in Translocations
 66986 | Depths:2 | Noticed oc3rt's ghost (master KoHu)
 67061 | Depths:2 | Found a transporter.
 67483 | Depths:2 | Reached XP level 24. HP: 189/189 MP: 33/43
 67531 | Depths:2 | Reached skill level 16 in Dodging
 67969 | Depths:2 | Noticed a juggernaut
 67974 | Depths:2 | Reached skill level 16 in Stealth
 67975 | Depths:2 | Killed a juggernaut
 67978 | Depths:2 | Noticed a caustic shrike
 67985 | Depths:2 | Noticed a caustic shrike
 67988 | Depths:2 | HP: 44/189 [caustic shrike (25)]
 67989 | Depths:2 | HP: 16/189 [acid (8)]
 67998 | Depths:2 | Killed a caustic shrike
 68566 | Depths:2 | Noticed a juggernaut
 68574 | Depths:2 | Killed a juggernaut
 68702 | Depths:2 | Killed a caustic shrike
 68703 | Depths:2 | Reached skill level 17 in Invocations
 68856 | Depths:2 | Got a steaming iron ring
 68858 | Depths:2 | Identified the ring of Tomn {*Drain rElec rN+ MP+9} (You
                  | found it on level 2 of the Depths)
 69143 | Depths:3 | Found a gateway to a ziggurat.
 69195 | Depths:3 | Reached skill level 15 in Conjurations
 70042 | Depths:3 | Found a one-way gate leading to the halls of Pandemonium.
 70127 | Depths:3 | Noticed Xtahua
 70136 | Depths:3 | Killed Xtahua
 70310 | Depths:3 | Noticed Nikola
 70316 | Depths:3 | Killed Nikola
 70638 | Depths:3 | HP: 36/191 [??? (26)]
 70643 | Depths:3 | HP: 15/191 [??? (9)]
 70651 | Depths:3 | HP: 10/191 [??? (5)]
 70908 | Depths:3 | Acquired the ring "Upaepiew" {rPois rF+ rC+ Dex-2}
 70959 | Depths:3 | Found Kothru Suck's Gadget Shop.
 70960 | Depths:3 | Found Osuckous's Jewellery Emporium.
 70961 | Depths:3 | Found Siottuol's Gadget Shop.
 71522 | Orc:2    | Bought a manual of Staves for 1435 gold pieces
 71796 | Slime:1  | Entered Level 1 of the Pits of Slime
 71798 | Slime:1  | Gained mutation: You are clumsy. (Dex -2) [a shining eye]
 71801 | Slime:1  | Reached skill level 16 in Staves
 71881 | Slime:1  | Reached skill level 16 in Fighting
 71881 | Slime:1  | Reached skill level 16 in Short Blades
 71881 | Slime:1  | Reached skill level 16 in Long Blades
 71881 | Slime:1  | Reached skill level 16 in Axes
 71881 | Slime:1  | Reached skill level 16 in Maces & Flails
 71881 | Slime:1  | Reached skill level 16 in Polearms
 71881 | Slime:1  | Reached skill level 16 in Slings
 71881 | Slime:1  | Reached skill level 16 in Bows
 71881 | Slime:1  | Reached skill level 16 in Crossbows
 71881 | Slime:1  | Reached skill level 16 in Throwing
 71881 | Slime:1  | Reached skill level 16 in Armour
 71881 | Slime:1  | Reached skill level 16 in Shields
 71881 | Slime:1  | Reached skill level 16 in Unarmed Combat
 71881 | Slime:1  | Reached skill level 16 in Evocations
 72695 | Slime:1  | Reached XP level 25. HP: 181/197 MP: 31/43
 73120 | Slime:1  | Reached skill level 16 in Translocations
 73307 | Slime:3  | Noticed Dissolution
 73311 | Slime:3  | Killed Dissolution
 73480 | Slime:3  | Gained mutation: You are weak. (Str -2) [a shining eye]
 74302 | Slime:4  | Reached skill level 14 in Hexes
 74302 | Slime:4  | Reached skill level 14 in Summonings
 74302 | Slime:4  | Reached skill level 14 in Necromancy
 74302 | Slime:4  | Reached skill level 14 in Transmutations
 74302 | Slime:4  | Reached skill level 14 in Fire Magic
 74302 | Slime:4  | Reached skill level 14 in Ice Magic
 74302 | Slime:4  | Reached skill level 14 in Air Magic
 74302 | Slime:4  | Reached skill level 14 in Earth Magic
 74302 | Slime:4  | Reached skill level 14 in Poison Magic
 74649 | Slime:5  | Entered Level 5 of the Pits of Slime
 74730 | Slime:5  | Noticed the Royal Jelly
 74856 | Slime:5  | Found the +6 lightning scales {run, rElec}
 74858 | Slime:5  | Found a viscous altar of Jiyva.
 74859 | Slime:5  | Found the +8 storm bow {elec, penet}
 75092 | Slime:5  | Really attack while wielding the +3 sling "Punk" {acid,
                  | rCorr}?
 75096 | Slime:5  | Killed the Royal Jelly
 75096 | Slime:5  | HP: 47/198 [spore (3)]
 75506 | Slime:5  | Got a slimy rune of Zot
 75516 | Slime:5  | You pick up a book of Party Tricks and begin reading...
 75539 | Slime:5  | Reached skill level 17 in Spellcasting
 75697 | Slime:5  | Got an encrusted scale mail
 75727 | Slime:5  | Got a warped amber ring
 75763 | Slime:5  | Identified the ring "Belorph" {rPois Str+3 Int-3 Dex+7
                  | Stlth+} (You found it on level 5 of the Pits of Slime)
 75779 | Slime:5  | Got an ancient garnet amulet
 76191 | Lair:2   | Identified the +3 scale mail of Pantheism {rN+ Str+6 Dex+2}
                  | (You found it on level 5 of the Pits of Slime)
 76192 | Lair:2   | Identified the amulet "Loduokhu" {Acrobat rF+++ Str-5} (You
                  | found it on level 5 of the Pits of Slime)
 76737 | Depths:3 | Bought the ring "Gavvapraaz" {Wiz rN+ Int+2 Dex+2} for 843
                  | gold pieces
 76750 | Depths:3 | Learned a level 8 spell: Ignition
 77067 | Depths:4 | Found a shimmering altar of Xom.
 77092 | Depths:4 | Reached skill level 17 in Staves
 77181 | Depths:4 | You pick up a book of Debilitation and begin reading...
 77192 | Depths:4 | Reached skill level 17 in Dodging
 77208 | Depths:4 | Reached skill level 17 in Stealth
 77338 | Depths:4 | Reached XP level 26. HP: 206/206 MP: 44/44
 77594 | Depths:4 | Found a stormy altar of Qazlal.
 77599 | Depths:4 | Reached skill level 18 in Invocations
 78013 | Depths:4 | Found a sacrificial altar of Ru.
 78044 | Depths:4 | Reached skill level 17 in Translocations
 78122 | Depths:4 | quicksilver dragon scales {rare}; a +2 great mace; a +0
                  | ring mail
 78147 | Depths:4 | quicksilver dragon scales {rare}; a +2 great mace; a +0
                  | ring mail
 78150 | Depths:4 | quicksilver dragon scales {rare}; a +2 great mace; a +0
                  | ring mail
 78150 | Depths:4 | W - quicksilver dragon scales {rare}
 78161 | Depths:4 | You finish putting on your quicksilver dragon scales
                  | {rare}.
 78172 | Depths:4 | Identified the cursed +0 ring mail of Minor Irritation
                  | {Rampage rElec rF+ Str-3}
 78317 | Depths:4 | You pick up a book of Unlife and begin reading...
 78322 | Depths:4 | You pick up a book of Frost and begin reading...
 78359 | Depths:4 | You pick up a book of the Dragon and begin reading...
 78359 | Depths:4 | You add the spells Dragon Form and Dragon's Call to your
                  | library.
 78377 | Depths:4 | Found a burning altar of Makhleb.
 78413 | Depths:4 | the Enchantress comes into view. She is wielding a +1 demon
                  | whip of venom, wearing the +1 faerie dragon scales {rPois
                  | rCorr Int+4} and wearing a +2 buckler of poison resistance.
 78413 | Depths:4 | Noticed the Enchantress
 78414 | Depths:4 | Here: the Enchantress, wielding a +1 demon whip of venom,
                  | wearing the +1 faerie dragon scales {rPois rCorr Int+4} and
                  | wearing a +2 buckler of poison resistance (wandering,
                  | repelling missiles, hasn't noticed you)
 78414 | Depths:4 | Here: the Enchantress, wielding a +1 demon whip of venom,
                  | wearing the +1 faerie dragon scales {rPois rCorr Int+4} and
                  | wearing a +2 buckler of poison resistance (wandering,
                  | repelling missiles, hasn't noticed you)
 78414 | Depths:4 | Here: the Enchantress, wielding a +1 demon whip of venom,
                  | wearing the +1 faerie dragon scales {rPois rCorr Int+4} and
                  | wearing a +2 buckler of poison resistance (wandering,
                  | repelling missiles, hasn't noticed you)
 78414 | Depths:4 | Here: the Enchantress, wielding a +1 demon whip of venom,
                  | wearing the +1 faerie dragon scales {rPois rCorr Int+4} and
                  | wearing a +2 buckler of poison resistance (wandering,
                  | repelling missiles, hasn't noticed you)
 78416 | Depths:4 | Killed the Enchantress
 78973 | Depths:5 | Entered Level 5 of the Depths
 79148 | Depths:5 | Found a bloodstained altar of Trog.
 79332 | Depths:5 | Reached skill level 17 in Fighting
 79332 | Depths:5 | Reached skill level 17 in Short Blades
 79332 | Depths:5 | Reached skill level 17 in Long Blades
 79332 | Depths:5 | Reached skill level 17 in Axes
 79332 | Depths:5 | Reached skill level 17 in Maces & Flails
 79332 | Depths:5 | Reached skill level 17 in Polearms
 79332 | Depths:5 | Reached skill level 17 in Slings
 79332 | Depths:5 | Reached skill level 17 in Bows
 79332 | Depths:5 | Reached skill level 17 in Crossbows
 79332 | Depths:5 | Reached skill level 17 in Throwing
 79332 | Depths:5 | Reached skill level 17 in Armour
 79332 | Depths:5 | Reached skill level 17 in Shields
 79332 | Depths:5 | Reached skill level 17 in Unarmed Combat
 79332 | Depths:5 | Reached skill level 17 in Evocations
 79523 | Depths:5 | Reached skill level 18 in Staves
 79950 | Depths:5 | Reached skill level 16 in Conjurations
 79957 | Depths:5 | Found a gate to the Realm of Zot.
 79960 | Depths:5 | Found the amulet of the Four Winds {rN+ Will+++ Clar}
 80147 | Depths:5 | Identified +0 gold dragon scales
 80253 | Depths:5 | +0 gold dragon scales {rare}; a golden dragon corpse
 80290 | Depths:5 | +0 gold dragon scales {rare}; a golden dragon corpse
 80436 | Depths:5 | Reached XP level 27. HP: 195/215 MP: 36/44
 81179 | Depths:5 | Got a smoking demon whip
 81251 | Depths:5 | Identified the +6 demon whip "Beetleslayer" {vorpal, rElec
                  | rPois Will+} (You found it on level 5 of the Depths)
 81545 | Lair:2   | You finish taking off your quicksilver dragon scales
                  | {rare}.
 81545 | Lair:2   | You drop quicksilver dragon scales {rare}.
 81764 | Depths:1 | Voluntarily entered the Abyss.
 81804 | Abyss:1  | Acquired 874 gold pieces
 81879 | Abyss:2  | Really attack while wielding the +3 sling "Punk" {acid,
                  | rCorr}?
 81879 | Abyss:2  | Really attack while wielding the +3 sling "Punk" {acid,
                  | rCorr}?
 81879 | Abyss:2  | Really attack while wielding the +3 sling "Punk" {acid,
                  | rCorr}?
 81879 | Abyss:2  | Really attack while wielding the +3 sling "Punk" {acid,
                  | rCorr}?
 81879 | Abyss:2  | Really attack while wielding the +3 sling "Punk" {acid,
                  | rCorr}?
 82506 | Abyss:2  | HP: 47/215 [flayed ghost/flay_damage (23)]
 82809 | Abyss:2  | Got a crude flail
 82810 | Abyss:2  | Identified the +3 flail of Instant Death {flame, +Blink rC+
                  | Will+} (You found it on level 2 of the Abyss)
 83094 | Abyss:2  | Reached skill level 15 in Hexes
 83094 | Abyss:2  | Reached skill level 15 in Summonings
 83094 | Abyss:2  | Reached skill level 15 in Necromancy
 83094 | Abyss:2  | Reached skill level 15 in Transmutations
 83094 | Abyss:2  | Reached skill level 15 in Fire Magic
 83094 | Abyss:2  | Reached skill level 15 in Ice Magic
 83094 | Abyss:2  | Reached skill level 15 in Air Magic
 83094 | Abyss:2  | Reached skill level 15 in Earth Magic
 83094 | Abyss:2  | Reached skill level 15 in Poison Magic
 83311 | Abyss:3  | Found a corrupted altar of Lugonu.
 83573 | Abyss:3  | Reached skill level 18 in Spellcasting
 83702 | Abyss:3  | Reached skill level 18 in Translocations
 84075 | Abyss:3  | Reached skill level 18 in Dodging
 84384 | Abyss:3  | Reached skill level 19 in Staves
 84426 | Abyss:3  | Reached skill level 18 in Stealth
 84485 | Depths:1 | You pass through the gate.
 84485 | Depths:1 | Escaped the Abyss
 84743 | Depths:1 | Voluntarily entered the Abyss.
 84746 | Abyss:1  | Reached skill level 19 in Invocations
 84764 | Abyss:1  | Acquired 944 gold pieces
 84876 | Abyss:1  | Noticed a juggernaut
 84885 | Abyss:1  | Killed a juggernaut
 84901 | Depths:1 | You pass through the gate.
 84901 | Depths:1 | Escaped the Abyss
 85034 | Depths:1 | Voluntarily entered the Abyss.
 85074 | Abyss:1  | You pick up a book of Cantrips and begin reading...
 85240 | Abyss:1  | Found a hazy altar of Hepliaklqana.
 85343 | Abyss:1  | Found a corrupted altar of Lugonu.
 85672 | Abyss:2  | Found a corrupted altar of Lugonu.
 85901 | Abyss:2  | Gained mutation: Scrolls take you a little longer to read.
                  | [a neqoxec]
 86697 | Abyss:3  | Reached skill level 18 in Fighting
 86697 | Abyss:3  | Reached skill level 18 in Short Blades
 86697 | Abyss:3  | Reached skill level 18 in Long Blades
 86697 | Abyss:3  | Reached skill level 18 in Axes
 86697 | Abyss:3  | Reached skill level 18 in Maces & Flails
 86697 | Abyss:3  | Reached skill level 18 in Polearms
 86697 | Abyss:3  | Reached skill level 18 in Slings
 86697 | Abyss:3  | Reached skill level 18 in Bows
 86697 | Abyss:3  | Reached skill level 18 in Crossbows
 86697 | Abyss:3  | Reached skill level 18 in Throwing
 86697 | Abyss:3  | Reached skill level 18 in Armour
 86697 | Abyss:3  | Reached skill level 18 in Shields
 86697 | Abyss:3  | Reached skill level 18 in Unarmed Combat
 86697 | Abyss:3  | Reached skill level 18 in Evocations
 86839 | Abyss:5  | Entered Level 5 of the Abyss
 86967 | Abyss:5  | Lost mutation: You are clumsy. (Dex -2) [potion of
                  | mutation]
 86967 | Abyss:5  | Lost mutation: Scrolls take you a little longer to read.
                  | [potion of mutation]
 86967 | Abyss:5  | Lost mutation: You are weak. (Str -2) [potion of mutation]
 86967 | Abyss:5  | Gained mutation: Your magical capacity is low. (-10% MP)
                  | [potion of mutation]
 86967 | Abyss:5  | Gained mutation: You have large cloven feet. [potion of
                  | mutation]
 86967 | Abyss:5  | Gained mutation: You are robust. (+10% HP) [potion of
                  | mutation]
 86967 | Abyss:5  | Gained mutation: You evolve. [potion of mutation]
 86983 | Abyss:5  | Lost mutation: You evolve. [potion of mutation]
 86983 | Abyss:5  | Gained mutation: Your magical capacity is very low. (-20%
                  | MP) [potion of mutation]
 86983 | Abyss:5  | Gained mutation: Your system is resistant to poisons.
                  | (rPois) [potion of mutation]
 86984 | Abyss:5  | Lost mutation: You are robust. (+10% HP) [potion of
                  | mutation]
 86984 | Abyss:5  | Lost mutation: You have large cloven feet. [potion of
                  | mutation]
 86984 | Abyss:5  | Gained mutation: You have a somewhat thin skeletal
                  | structure. (Dex +2, Stealth) [potion of mutation]
 86984 | Abyss:5  | Gained mutation: Your movements are slightly less
                  | encumbered by armour. (ER -2) [potion of mutation]
 86984 | Abyss:5  | Gained mutation: You are surrounded by a mild repulsion
                  | field. (EV +2) [potion of mutation]
 87137 | Abyss:5  | Got a colourful robe
 87138 | Abyss:5  | Identified the +0 robe of Daeskubu {rC- rN+ Dex+3} (You
                  | found it on level 5 of the Abyss)
 87336 | Abyss:5  | Reached skill level 20 in Staves
 87488 | Abyss:5  | Found a corrupted altar of Lugonu.
 87551 | Abyss:5  | You pick up a book of Hexes and begin reading...
 87584 | Abyss:5  | Found a corrupted altar of Lugonu.
 87698 | Abyss:5  | Reached skill level 19 in Translocations
 87928 | Abyss:5  | You add the spells Haunt, Borgnjor's Revivification,
                  | Infestation, Necromutation and Death's Door to your
                  | library.
 88008 | Abyss:5  | HP: 46/218 [lurking horror (23)]
 88396 | Abyss:5  | Got an abyssal rune of Zot
 88590 | Depths:1 | You pass through the gate.
 88590 | Depths:1 | Escaped the Abyss
 88804 | Lair:2   | Lost mutation: Your movements are slightly less encumbered
                  | by armour. (ER -2) [potion of mutation]
 88804 | Lair:2   | Lost mutation: Your system is resistant to poisons. (rPois)
                  | [potion of mutation]
 88804 | Lair:2   | Gained mutation: You are partially covered in rugged brown
                  | scales. (AC +1, +3% HP) [potion of mutation]
 88804 | Lair:2   | Gained mutation: You are agile. (Dex +2) [potion of
                  | mutation]
 88805 | Lair:2   | Lost mutation: You are agile. (Dex +2) [potion of mutation]
 88805 | Lair:2   | Lost mutation: You have a somewhat thin skeletal structure.
                  | (Dex +2, Stealth) [potion of mutation]
 88805 | Lair:2   | Lost mutation: Your magical capacity is very low. (-20% MP)
                  | [potion of mutation]
 88805 | Lair:2   | Gained mutation: You are clumsy. (Dex -2) [potion of
                  | mutation]
 88805 | Lair:2   | Gained mutation: You passively map a small area around you.
                  | [potion of mutation]
 88806 | Lair:2   | Lost mutation: You are clumsy. (Dex -2) [potion of
                  | mutation]
 88806 | Lair:2   | Lost mutation: You passively map a small area around you.
                  | [potion of mutation]
 88806 | Lair:2   | Gained mutation: Your body sometimes deteriorates upon
                  | taking damage. [potion of mutation]
 88806 | Lair:2   | Gained mutation: You are partially covered in thin metallic
                  | scales. (AC +2) [potion of mutation]
 88806 | Lair:2   | Gained mutation: You possess an exceptional clarity of
                  | mind. [potion of mutation]
 88807 | Lair:2   | Lost mutation: Your magical capacity is low. (-10% MP)
                  | [potion of mutation]
 88807 | Lair:2   | Lost mutation: You are partially covered in rugged brown
                  | scales. (AC +1, +3% HP) [potion of mutation]
 88807 | Lair:2   | Gained mutation: Your magical capacity is low. (-10% MP)
                  | [potion of mutation]
 88807 | Lair:2   | Gained mutation: You are partially covered in slimy green
                  | scales. (AC +2) [potion of mutation]
 88807 | Lair:2   | Gained mutation: You are strong-willed. (Will+) [potion of
                  | mutation]
 88807 | Lair:2   | Gained mutation: You are agile. (Dex +2) [potion of
                  | mutation]
 88857 | D:8      | Bought a book of Air for 490 gold pieces
 88857 | D:8      | You pick up a book of Air and begin reading...
 88857 | D:8      | You add the spells Shock, Airstrike and Lightning Bolt to
                  | your library.
 88862 | D:8      | Learned a level 4 spell: Airstrike
 88922 | Lair:2   | Learned a level 8 spell: Necromutation
 89140 | Vaults:5 | Reached skill level 17 in Conjurations
 89299 | Vaults:5 | Identified +0 gold dragon scales
 89300 | Vaults:5 | Reached skill level 19 in Spellcasting
 89300 | Vaults:5 | Reached skill level 16 in Hexes
 89300 | Vaults:5 | Reached skill level 16 in Summonings
 89300 | Vaults:5 | Reached skill level 16 in Necromancy
 89300 | Vaults:5 | Reached skill level 16 in Transmutations
 89300 | Vaults:5 | Reached skill level 16 in Fire Magic
 89300 | Vaults:5 | Reached skill level 16 in Ice Magic
 89300 | Vaults:5 | Reached skill level 16 in Air Magic
 89300 | Vaults:5 | Reached skill level 16 in Earth Magic
 89300 | Vaults:5 | Reached skill level 16 in Poison Magic
 89425 | Vaults:5 | Noticed an ancient lich
 89435 | Vaults:5 | Killed an ancient lich
 89436 | Vaults:5 | Reached skill level 19 in Dodging
 89439 | Vaults:5 | Reached skill level 20 in Invocations
 89581 | Vaults:5 | Noticed an ancient lich
 89583 | Vaults:5 | Reached skill level 19 in Stealth
 89660 | Vaults:5 | Killed an ancient lich
 89806 | Vaults:5 | Reached skill level 21 in Staves
 89861 | Vaults:5 | You pick up a book of Flames and begin reading...
 89867 | Vaults:5 | Got a crude diamond amulet
 89983 | Vaults:5 | Got a pitted copper amulet
 90410 | Vaults:5 | You pick up a book of Changes and begin reading...
 90442 | Vaults:5 | Identified the Grimoire of Gliding Battle Magic
 90458 | Vaults:5 | Found the +6 shillelagh "Devastator" {shatter}
 90514 | Vaults:5 | Got a jewelled hunting sling
 90515 | Vaults:5 | Identified the +5 hunting sling of Reinforcement {flame,
                  | Will+} (You found it on level 5 of the Vaults)
 90517 | Vaults:5 | Got a warped plate armour
 90916 | Vaults:5 | Found the +4 dagger "Morg" {pain, Will+ Int+5}
 90924 | Vaults:5 | Identified the +2 plate armour of Slimy Leaves {Int+2} (You
                  | found it on level 5 of the Vaults)
 90929 | Vaults:5 | You pick up a book of Conjurations and begin reading...
 90941 | Vaults:5 | Got a silver rune of Zot
 91095 | Vaults:5 | Found Juag's Magic Scroll Emporium.
 91371 | Lair:2   | Identified the amulet of Ihairuch {Inacc *Corrode *Slow
                  | rN+++ SInv} (You found it on level 5 of the Vaults)
 91372 | Lair:2   | Identified the amulet of Eseattink {Inacc rF+ Str+3} (You
                  | found it on level 5 of the Vaults)
 91622 | Depths:3 | Bought the ring "Ekhlibot" {rElec Will+ Slay+2} for 805
                  | gold pieces
 91622 | Depths:3 | Bought the ring "Taiqamoz" {rF+ MP+9 Dex+4 Stlth-} for 697
                  | gold pieces
 91857 | Elf:2    | Bought a bone rapier for 333 gold pieces
 91857 | Elf:2    | Bought a jewelled dagger for 259 gold pieces
 92022 | Lair:2   | Identified the cursed +1 rapier of Regicide {drain, rF+
                  | Stlth+} (You bought it in a shop on level 2 of the Elven
                  | Halls)
 92023 | Lair:2   | Identified the +6 dagger of Hiehoirghyaj {vorpal, rC+} (You
                  | bought it in a shop on level 2 of the Elven Halls)
 92346 | Zot:1    | Entered Level 1 of the Realm of Zot
 93456 | Zot:1    | Identified +0 gold dragon scales
 93457 | Zot:1    | Reached skill level 19 in Fighting
 93457 | Zot:1    | Reached skill level 19 in Short Blades
 93457 | Zot:1    | Reached skill level 19 in Long Blades
 93457 | Zot:1    | Reached skill level 19 in Axes
 93457 | Zot:1    | Reached skill level 19 in Maces & Flails
 93457 | Zot:1    | Reached skill level 19 in Polearms
 93457 | Zot:1    | Reached skill level 19 in Slings
 93457 | Zot:1    | Reached skill level 19 in Bows
 93457 | Zot:1    | Reached skill level 19 in Crossbows
 93457 | Zot:1    | Reached skill level 19 in Throwing
 93457 | Zot:1    | Reached skill level 19 in Armour
 93457 | Zot:1    | Reached skill level 19 in Shields
 93457 | Zot:1    | Reached skill level 19 in Unarmed Combat
 93457 | Zot:1    | Reached skill level 19 in Evocations
 93459 | Zot:1    | Identified +0 gold dragon scales
 93460 | Zot:1    | Reached skill level 20 in Translocations
 93619 | Zot:1    | +0 gold dragon scales {rare}; a golden dragon corpse
 93620 | Zot:1    | +0 gold dragon scales {rare}; a golden dragon corpse
 93626 | Zot:1    | Found the brooch of Shielding {Spirit SH+8}
 93675 | Zot:1    | You pick up a book of Maledictions and begin reading...
 93712 | Zot:1    | Got a twisted scythe
 93739 | Zot:1    | You add the spells Monstrous Menagerie, Summon Greater
                  | Demon and Summon Horrible Things to your library.
 93750 | Zot:1    | You pick up a book of Transfigurations and begin reading...
 93788 | Zot:1    | +0 gold dragon scales {rare}; a golden dragon skeleton
 93789 | Zot:1    | +0 gold dragon scales {rare}; a golden dragon skeleton
 93804 | Zot:1    | Got an iridescent short sword
 94210 | Zot:2    | Noticed a curse toe
 94322 | Zot:2    | Killed a curse toe
 94328 | Zot:1    | Acquired 358 gold pieces
 94417 | Zot:2    | Noticed an electric golem
 94510 | Zot:2    | Killed an electric golem
 95073 | Zot:2    | Identified the +10 scythe "Mategiur" {holy, rF+ Dex+2} (You
                  | found it on level 1 of the Realm of Zot)
 95121 | Zot:2    | Got a buzzing falchion
 95302 | Zot:3    | Really attack while wielding the +3 sling "Punk" {acid,
                  | rCorr}?
 95302 | Zot:3    | Really attack while wielding the +3 sling "Punk" {acid,
                  | rCorr}?
 95302 | Zot:3    | Really attack while wielding the +3 sling "Punk" {acid,
                  | rCorr}?
 95529 | Zot:3    | Noticed an electric golem
 95546 | Zot:3    | Killed an electric golem
 95691 | Zot:3    | Got a faintly glowing plate armour
 95740 | Zot:3    | Found a runed translucent door.
 96108 | Zot:3    | Reached skill level 22 in Staves
 96481 | Zot:3    | Learned a level 6 spell: Invisibility
 96681 | Zot:3    | Noticed a curse toe
 96690 | Zot:3    | Really attack while wielding the +3 sling "Punk" {acid,
                  | rCorr}?
 96691 | Zot:3    | Killed a curse toe
 96811 | Zot:3    | Noticed Uneer's ghost (legendary GnFE)
 97585 | D:8      | Bought a book of Death for 980 gold pieces
 97585 | D:8      | You pick up a book of Death and begin reading...
 97585 | D:8      | You add the spells Sublimation of Blood, Dispel Undead and
                  | Excruciating Wounds to your library.
 97590 | D:8      | Learned a level 4 spell: Dispel Undead
 97912 | Depths:2 | Reached skill level 20 in Spellcasting
 97912 | Depths:2 | Killed oc3rt's ghost
 97913 | Depths:2 | Reached skill level 18 in Conjurations
 97913 | Depths:2 | Reached skill level 21 in Invocations
 97913 | Depths:2 | Killed an ancient lich
 97936 | Depths:2 | You pick up a book of Burglary and begin reading...
 98171 | Zot:4    | Identified the +8 falchion "Qothravee" {holy, +Rage Will+}
                  | (You found it on level 2 of the Realm of Zot)
 98240 | Zot:4    | Noticed a curse toe
 98245 | Zot:4    | Identified the +6 short sword of Fear {vamp, rElec Will+
                  | Dex-4} (You found it on level 1 of the Realm of Zot)
 98248 | Zot:4    | Killed a curse toe
 98249 | Zot:4    | Reached skill level 20 in Dodging
 98328 | Zot:4    | Noticed a curse toe
 98330 | Zot:4    | Reached skill level 17 in Hexes
 98330 | Zot:4    | Reached skill level 17 in Summonings
 98330 | Zot:4    | Reached skill level 17 in Necromancy
 98330 | Zot:4    | Reached skill level 17 in Transmutations
 98330 | Zot:4    | Reached skill level 17 in Fire Magic
 98330 | Zot:4    | Reached skill level 17 in Ice Magic
 98330 | Zot:4    | Reached skill level 17 in Air Magic
 98330 | Zot:4    | Reached skill level 17 in Earth Magic
 98330 | Zot:4    | Reached skill level 17 in Poison Magic
 98340 | Zot:4    | Killed a curse toe
 98736 | Zot:4    | Identified the cursed +1 plate armour "Coekuese" {MP+9}
                  | (You found it on level 3 of the Realm of Zot)
 98768 | Zot:4    | Reached skill level 20 in Stealth
 99115 | Zot:4    | Really attack while wielding the +3 sling "Punk" {acid,
                  | rCorr}?
 99115 | Zot:4    | Really attack while wielding the +3 sling "Punk" {acid,
                  | rCorr}?
 99115 | Zot:4    | Really attack while wielding the +3 sling "Punk" {acid,
                  | rCorr}?
 99478 | Zot:5    | Entered Level 5 of the Realm of Zot
 99835 | Zot:5    | Reached skill level 21 in Translocations
100661 | Zot:5    | Noticed an orb of fire
100665 | Zot:5    | Gained mutation: You do not regenerate when monsters are
                  | visible. [an orb of fire]
100667 | Zot:5    | Gained mutation: You are occasionally teleported next to
                  | monsters. [an orb of fire]
100670 | Zot:5    | Killed an orb of fire
101248 | Lair:2   | Lost mutation: You are partially covered in slimy green
                  | scales. (AC +2) [potion of mutation]
101248 | Lair:2   | Lost mutation: Your magical capacity is low. (-10% MP)
                  | [potion of mutation]
101248 | Lair:2   | Lost mutation: You do not regenerate when monsters are
                  | visible. [potion of mutation]
101248 | Lair:2   | Lost mutation: You are occasionally teleported next to
                  | monsters. [potion of mutation]
101248 | Lair:2   | Lost mutation: Your body sometimes deteriorates upon taking
                  | damage. [potion of mutation]
101248 | Lair:2   | Gained mutation: Your muscles are strong. (Str +2) [potion
                  | of mutation]
101427 | Hell     | Entered the Vestibule of Hell
101427 | Hell     | Noticed Geryon
101435 | Hell     | Killed Geryon
101600 | Hell     | Reached skill level 20 in Fighting
101600 | Hell     | Reached skill level 20 in Short Blades
101600 | Hell     | Reached skill level 20 in Long Blades
101600 | Hell     | Reached skill level 20 in Axes
101600 | Hell     | Reached skill level 20 in Maces & Flails
101600 | Hell     | Reached skill level 20 in Polearms
101600 | Hell     | Reached skill level 20 in Slings
101600 | Hell     | Reached skill level 20 in Bows
101600 | Hell     | Reached skill level 20 in Crossbows
101600 | Hell     | Reached skill level 20 in Throwing
101600 | Hell     | Reached skill level 20 in Armour
101600 | Hell     | Reached skill level 20 in Shields
101600 | Hell     | Reached skill level 20 in Unarmed Combat
101600 | Hell     | Reached skill level 20 in Evocations
101611 | Hell     | Reached skill level 23 in Staves
101765 | Hell     | Noticed Murray
101775 | Hell     | HP: 53/224 [??? (26)]
101779 | Hell     | Killed Murray
102206 | Hell     | Found a gateway to the ashen valley of Gehenna.
102386 | Hell     | Found a gateway to the Iron City of Dis.
102511 | Hell     | Found a gateway to the freezing wastes of Cocytus.
102616 | Hell     | Found a gateway to the decaying netherworld of Tartarus.
103242 | Crypt:1  | Entered Level 1 of the Crypt
104218 | Crypt:1  | Got a pitted dagger
104230 | Crypt:1  | Found an ancient bone altar of Kikubaaqudgha.
104399 | Crypt:2  | Identified the +2 dagger of the Blessed Realm {flame, rElec
                  | Stlth+} (You found it on level 1 of the Crypt)
104605 | Crypt:2  | Noticed Jory
104617 | Crypt:2  | Killed Jory
104780 | Crypt:2  | You pick up a book of Clouds and begin reading...
105322 | Crypt:2  | You pick up a book of Necromancy and begin reading...
105445 | Crypt:3  | Entered Level 3 of the Crypt
105892 | Crypt:3  | Got a scintillating steel ring
105892 | Crypt:3  | Got a glittering bone ring
105892 | Crypt:3  | Got a transparent pewter ring
105893 | Crypt:3  | Identified the ring of Attitude {rN+ Dex+7} (You found it
                  | on level 3 of the Crypt)
105943 | Crypt:3  | Identified the amulet of Obsession {Spirit rPois Str+8
                  | Dex-2 Stlth-}
106328 | Crypt:3  | You pick up a book of Flames and begin reading...
106393 | Crypt:3  | Found a basalt altar of Yredelemnul.
106394 | Crypt:3  | Noticed an ancient lich
106399 | Crypt:3  | Killed an ancient lich
106483 | Crypt:3  | Got a steaming lead ring
106486 | Crypt:3  | Identified the ring of Leaves {*Tele +Inv rC+ Str+2} (You
                  | found it on level 3 of the Crypt)
106901 | Crypt:3  | Found the +7 sceptre of Torment {pain, torment}
106902 | Crypt:3  | Found a staircase to the Tomb.
107515 | Lair:2   | Identified the ring of the Solstice {rN+ Str+3 Int-5 Dex+6
                  | SInv} (You found it on level 3 of the Crypt)
107516 | Lair:2   | Identified the ring "Tuvimur" {rN+ Dex+6} (You found it on
                  | level 3 of the Crypt)
107713 | Geh:1    | Entered Level 1 of Gehenna
108301 | Geh:3    | Reached skill level 22 in Invocations
108808 | Geh:5    | Reached skill level 21 in Spellcasting
108905 | Geh:6    | Really attack while wielding the +3 sling "Punk" {acid,
                  | rCorr}?
108905 | Geh:6    | Really attack while wielding the +3 sling "Punk" {acid,
                  | rCorr}?
108905 | Geh:6    | Really attack while wielding the +3 sling "Punk" {acid,
                  | rCorr}?
108967 | Geh:6    | Reached skill level 24 in Staves
109016 | Geh:6    | Really attack while wielding the +3 sling "Punk" {acid,
                  | rCorr}?
109334 | Geh:3    | Reached skill level 21 in Dodging
109636 | Geh:5    | Really attack while wielding the +3 sling "Punk" {acid,
                  | rCorr}?
109636 | Geh:5    | Really attack while wielding the +3 sling "Punk" {acid,
                  | rCorr}?
109727 | Geh:5    | Reached skill level 21 in Stealth
109839 | Geh:6    | Reached skill level 18 in Hexes
109839 | Geh:6    | Reached skill level 18 in Summonings
109839 | Geh:6    | Reached skill level 18 in Necromancy
109839 | Geh:6    | Reached skill level 18 in Transmutations
109839 | Geh:6    | Reached skill level 18 in Fire Magic
109839 | Geh:6    | Reached skill level 18 in Ice Magic
109839 | Geh:6    | Reached skill level 18 in Air Magic
109839 | Geh:6    | Reached skill level 18 in Earth Magic
109839 | Geh:6    | Reached skill level 18 in Poison Magic
109869 | Geh:7    | Entered Level 7 of Gehenna
110037 | Geh:7    | Reached skill level 19 in Conjurations
110128 | Geh:7    | Really attack while wielding the +3 sling "Punk" {acid,
                  | rCorr}?
110986 | Geh:7    | Got an encrusted leather armour
111045 | Geh:7    | Reached skill level 21 in Fighting
111045 | Geh:7    | Reached skill level 21 in Short Blades
111045 | Geh:7    | Reached skill level 21 in Long Blades
111045 | Geh:7    | Reached skill level 21 in Axes
111045 | Geh:7    | Reached skill level 21 in Maces & Flails
111045 | Geh:7    | Reached skill level 21 in Polearms
111045 | Geh:7    | Reached skill level 21 in Slings
111045 | Geh:7    | Reached skill level 21 in Bows
111045 | Geh:7    | Reached skill level 21 in Crossbows
111045 | Geh:7    | Reached skill level 21 in Throwing
111045 | Geh:7    | Reached skill level 21 in Armour
111045 | Geh:7    | Reached skill level 21 in Shields
111045 | Geh:7    | Reached skill level 21 in Unarmed Combat
111045 | Geh:7    | Reached skill level 21 in Evocations
111785 | Geh:7    | Identified the Almanac of Feathery Evil Arts
111832 | Geh:7    | Found the +7 sceptre of Asmodeus
111832 | Geh:7    | Noticed Asmodeus
111832 | Geh:7    | Asmodeus, Prince of Gehenna comes into view. He is wielding
                  | the +7 sceptre of Asmodeus.
111833 | Geh:7    | Here: Asmodeus, wielding the +7 sceptre of Asmodeus
                  | (surrounded by flames, asleep)
111833 | Geh:7    | Here: Asmodeus, wielding the +7 sceptre of Asmodeus
                  | (surrounded by flames, asleep)
111927 | Geh:7    | Reached skill level 22 in Translocations
112107 | Geh:7    | Aim: Asmodeus, wielding the +7 sceptre of Asmodeus
                  | (surrounded by flames, asleep, 0% to evade)
112107 | Geh:7    | Aim: Asmodeus, wielding the +7 sceptre of Asmodeus
                  | (surrounded by flames, asleep, 0% to evade)
112108 | Geh:7    | Aim: Asmodeus, wielding the +7 sceptre of Asmodeus (lightly
                  | wounded, surrounded by flames, 13% to evade)
112108 | Geh:7    | Aim: Asmodeus, wielding the +7 sceptre of Asmodeus (lightly
                  | wounded, surrounded by flames, 13% to evade)
112113 | Geh:7    | Aim: Asmodeus, wielding the +7 sceptre of Asmodeus
                  | (moderately wounded, surrounded by flames, 13% to evade)
112113 | Geh:7    | Aim: Asmodeus, wielding the +7 sceptre of Asmodeus
                  | (moderately wounded, surrounded by flames, 13% to evade)
112116 | Geh:7    | Aim: Asmodeus, wielding the +7 sceptre of Asmodeus (heavily
                  | wounded, surrounded by flames, 13% to evade)
112116 | Geh:7    | Aim: Asmodeus, wielding the +7 sceptre of Asmodeus (heavily
                  | wounded, surrounded by flames, 13% to evade)
112117 | Geh:7    | Aim: Asmodeus, wielding the +7 sceptre of Asmodeus
                  | (severely wounded, surrounded by flames, 84% to hit)
112117 | Geh:7    | Aim: Asmodeus, wielding the +7 sceptre of Asmodeus
                  | (severely wounded, surrounded by flames, 84% to hit)
112119 | Geh:7    | Aim: Asmodeus, wielding the +7 sceptre of Asmodeus
                  | (severely wounded, surrounded by flames, 84% to hit)
112119 | Geh:7    | Aim: Asmodeus, wielding the +7 sceptre of Asmodeus
                  | (severely wounded, surrounded by flames, 84% to hit)
112120 | Geh:7    | Aim: Asmodeus, wielding the +7 sceptre of Asmodeus
                  | (severely wounded, surrounded by flames, covered in acid,
                  | 84% to hit)
112120 | Geh:7    | Aim: Asmodeus, wielding the +7 sceptre of Asmodeus
                  | (severely wounded, surrounded by flames, covered in acid,
                  | 84% to hit)
112122 | Geh:7    | Aim: Asmodeus, wielding the +7 sceptre of Asmodeus
                  | (severely wounded, surrounded by flames, covered in acid,
                  | 84% to hit)
112122 | Geh:7    | Aim: Asmodeus, wielding the +7 sceptre of Asmodeus
                  | (severely wounded, surrounded by flames, covered in acid,
                  | 84% to hit)
112125 | Geh:7    | Aim: Asmodeus, wielding the +7 sceptre of Asmodeus
                  | (severely wounded, surrounded by flames, covered in acid)
112125 | Geh:7    | Aim: Asmodeus, wielding the +7 sceptre of Asmodeus
                  | (severely wounded, surrounded by flames, covered in acid)
112125 | Geh:7    | Aim: Asmodeus, wielding the +7 sceptre of Asmodeus
                  | (severely wounded, surrounded by flames, covered in acid)
112126 | Geh:7    | Here: Asmodeus, wielding the +7 sceptre of Asmodeus
                  | (severely wounded, wandering, surrounded by flames, covered
                  | in acid, hasn't noticed you)
112132 | Geh:7    | Killed Asmodeus
112372 | Geh:7    | Got an encrusted war axe
112380 | Geh:7    | Found the +8 autumn katana {vorpal, Clar}
112385 | Geh:7    | You pick up a book of the Sky and begin reading...
112391 | Geh:7    | Got a pitted steel ring
112401 | Geh:7    | You pick up a book of Misfortune and begin reading...
112404 | Geh:7    | Identified the Reference Book on Evil
112433 | Geh:7    | Got an obsidian rune of Zot
112439 | Geh:7    | You pick up a book of Burglary and begin reading...
112441 | Geh:7    | You pick up a book of Hexes and begin reading...
112443 | Geh:7    | You pick up a book of Frost and begin reading...
112445 | Geh:7    | Got a crude dagger
112929 | D:8      | Bought a scroll of identify for 24 gold pieces
112929 | D:8      | Identified the +4 war axe of Koexinae {vorpal, rN+ Dex+4
                  | Stlth-} (You found it on level 7 of Gehenna)
113070 | Orc:2    | Bought a scroll of identify for 28 gold pieces
113070 | Orc:2    | Identified the cursed +1 dagger of the Equinox {venom,
                  | +Blink rElec Stlth-} (You found it on level 7 of Gehenna)
113261 | Depths:2 | Identified the +3 leather armour "Vegodio" {rC- Str+6 Int+3
                  | Stlth+} (You found it on level 7 of Gehenna)
113311 | Depths:3 | Identified the ring of Wishful Thinking {rF- Str+5 Int+6
                  | Stlth+} (You found it on level 7 of Gehenna)
113424 | Tar:1    | Entered Level 1 of Tartarus
113430 | Tar:1    | Really attack while wielding the +3 sling "Punk" {acid,
                  | rCorr}?
113430 | Tar:1    | Really attack while wielding the +3 sling "Punk" {acid,
                  | rCorr}?
113434 | Tar:1    | Really attack while wielding the +3 sling "Punk" {acid,
                  | rCorr}?
113883 | Tar:1    | Really attack while wielding the +3 sling "Punk" {acid,
                  | rCorr}?
113883 | Tar:1    | Really attack while wielding the +3 sling "Punk" {acid,
                  | rCorr}?
113888 | Tar:1    | Reached skill level 25 in Staves
114304 | Tar:1    | Really attack while wielding the +3 sling "Punk" {acid,
                  | rCorr}?
114304 | Tar:1    | Really attack while wielding the +3 sling "Punk" {acid,
                  | rCorr}?
114304 | Tar:1    | Really attack while wielding the +3 sling "Punk" {acid,
                  | rCorr}?
114304 | Tar:1    | Really attack while wielding the +3 sling "Punk" {acid,
                  | rCorr}?
114698 | Tar:2    | Reached skill level 23 in Invocations
115883 | Tar:3    | Really attack while wielding the +3 sling "Punk" {acid,
                  | rCorr}?
115883 | Tar:3    | Really attack while wielding the +3 sling "Punk" {acid,
                  | rCorr}?
115883 | Tar:3    | Really attack while wielding the +3 sling "Punk" {acid,
                  | rCorr}?
115883 | Tar:3    | Really attack while wielding the +3 sling "Punk" {acid,
                  | rCorr}?
116006 | Tar:4    | Really attack while wielding the +3 sling "Punk" {acid,
                  | rCorr}?
116127 | Tar:6    | Reached skill level 22 in Spellcasting
116830 | Tar:2    | Reached skill level 22 in Dodging
116932 | Tar:2    | Reached skill level 22 in Stealth
117083 | Tar:3    | You fall into a shaft and drop 2 floors!
117148 | Tar:6    | Really attack while wielding the +3 sling "Punk" {acid,
                  | rCorr}?
117154 | Hell     | magus.rc [v1.9.10]
117402 | Tar:3    | Really attack while wielding the +3 sling "Punk" {acid,
                  | rCorr}?
117512 | Tar:3    | Really attack while wielding the +3 sling "Punk" {acid,
                  | rCorr}?
117512 | Tar:3    | Really attack while wielding the +3 sling "Punk" {acid,
                  | rCorr}?
117522 | Tar:3    | Really attack while wielding the +3 sling "Punk" {acid,
                  | rCorr}?
117572 | Tar:5    | Reached skill level 19 in Hexes
117572 | Tar:5    | Reached skill level 19 in Summonings
117572 | Tar:5    | Reached skill level 19 in Necromancy
117572 | Tar:5    | Reached skill level 19 in Transmutations
117572 | Tar:5    | Reached skill level 19 in Fire Magic
117572 | Tar:5    | Reached skill level 19 in Ice Magic
117572 | Tar:5    | Reached skill level 19 in Air Magic
117572 | Tar:5    | Reached skill level 19 in Earth Magic
117572 | Tar:5    | Reached skill level 19 in Poison Magic
117801 | Tar:6    | You fall into a shaft and drop 1 floor!
117801 | Tar:7    | Entered Level 7 of Tartarus
117961 | Tar:7    | Reached skill level 26 in Staves
118548 | Tar:1    | Reached skill level 22 in Fighting
118548 | Tar:1    | Reached skill level 22 in Short Blades
118548 | Tar:1    | Reached skill level 22 in Long Blades
118548 | Tar:1    | Reached skill level 22 in Axes
118548 | Tar:1    | Reached skill level 22 in Maces & Flails
118548 | Tar:1    | Reached skill level 22 in Polearms
118548 | Tar:1    | Reached skill level 22 in Slings
118548 | Tar:1    | Reached skill level 22 in Bows
118548 | Tar:1    | Reached skill level 22 in Crossbows
118548 | Tar:1    | Reached skill level 22 in Throwing
118548 | Tar:1    | Reached skill level 22 in Armour
118548 | Tar:1    | Reached skill level 22 in Shields
118548 | Tar:1    | Reached skill level 22 in Unarmed Combat
118548 | Tar:1    | Reached skill level 22 in Evocations
118605 | Tar:1    | Really attack while wielding the +3 sling "Punk" {acid,
                  | rCorr}?
118651 | Tar:2    | Reached skill level 20 in Conjurations
118744 | Tar:4    | Really attack while wielding the +3 sling "Punk" {acid,
                  | rCorr}?
118744 | Tar:4    | Really attack while wielding the +3 sling "Punk" {acid,
                  | rCorr}?
118865 | Tar:7    | Learned a level 9 spell: Tornado
118918 | Tar:7    | +0 shadow dragon scales {rare}; a shadow dragon corpse
120339 | Tar:7    | Got a fine lapis lazuli ring
120340 | Tar:7    | Identified the ring "Ziluot" {*Tele rElec} (You found it on
                  | level 7 of Tartarus)
120506 | Tar:7    | You pick up a book of Ice and begin reading...
120877 | Tar:7    | HP: 58/232 [Tzitzimitl/dispel undead (55)]
121062 | Hell     | HP: 46/232 [bone dragon[a doom hound] (14)]
121072 | Hell     | HP: 27/232 [bone dragon[a doom hound] (22)]
121576 | Tar:2    | Reached skill level 24 in Invocations
121599 | Tar:2    | HP: 44/233 [Tzitzimitl/dispel undead[a doom hound] (38)]
121600 | Tar:2    | HP: 20/233 [Tzitzimitl/dispel undead[a doom hound] (24)]
123062 | Tar:7    | Noticed Ereshkigal
123690 | Coc:1    | Entered Level 1 of Cocytus
124198 | Coc:2    | Reached skill level 23 in Translocations
124421 | Coc:5    | Reached skill level 23 in Spellcasting
124519 | Coc:6    | Reached skill level 23 in Dodging
124689 | Coc:2    | Reached skill level 23 in Stealth
125250 | Coc:4    | Reached skill level 27 in Staves
125686 | Coc:4    | Reached skill level 20 in Hexes
125686 | Coc:4    | Reached skill level 20 in Summonings
125686 | Coc:4    | Reached skill level 20 in Necromancy
125686 | Coc:4    | Reached skill level 20 in Transmutations
125686 | Coc:4    | Reached skill level 20 in Fire Magic
125686 | Coc:4    | Reached skill level 20 in Ice Magic
125686 | Coc:4    | Reached skill level 20 in Air Magic
125686 | Coc:4    | Reached skill level 20 in Earth Magic
125686 | Coc:4    | Reached skill level 20 in Poison Magic
125911 | Coc:5    | Reached skill level 23 in Fighting
125911 | Coc:5    | Reached skill level 23 in Short Blades
125911 | Coc:5    | Reached skill level 23 in Long Blades
125911 | Coc:5    | Reached skill level 23 in Axes
125911 | Coc:5    | Reached skill level 23 in Maces & Flails
125911 | Coc:5    | Reached skill level 23 in Polearms
125911 | Coc:5    | Reached skill level 23 in Slings
125911 | Coc:5    | Reached skill level 23 in Bows
125911 | Coc:5    | Reached skill level 23 in Crossbows
125911 | Coc:5    | Reached skill level 23 in Throwing
125911 | Coc:5    | Reached skill level 23 in Armour
125911 | Coc:5    | Reached skill level 23 in Shields
125911 | Coc:5    | Reached skill level 23 in Unarmed Combat
125911 | Coc:5    | Reached skill level 23 in Evocations
126081 | Coc:7    | Entered Level 7 of Cocytus
126191 | Coc:7    | Got a brightly glowing copper ring
126889 | Coc:7    | Reached skill level 21 in Conjurations
127152 | Coc:7    | Really attack while wielding the +3 sling "Punk" {acid,
                  | rCorr}?
127152 | Coc:7    | Really attack while wielding the +3 sling "Punk" {acid,
                  | rCorr}?
127161 | Coc:7    | Really attack while wielding the +3 sling "Punk" {acid,
                  | rCorr}?
127161 | Coc:7    | Really attack while wielding the +3 sling "Punk" {acid,
                  | rCorr}?
127249 | Coc:7    | Noticed Antaeus
127857 | Tar:1    | Reached skill level 25 in Invocations
128026 | Tar:2    | +0 shadow dragon scales {rare}; +0 shadow dragon scales
                  | {rare}
128267 | Tar:6    | Learned a level 1 spell: Apportation
128790 | Lair:2   | Learned a level 9 spell: Shatter
129333 | Tar:7    | Identified The Lost Secrets of Witchcraft
129397 | Tar:7    | HP: 22/236 [Tzitzimitl/dispel undead (48)]
130261 | Tar:7    | Got a distressingly furry scale mail
130263 | Tar:7    | Got a fine emerald amulet
130267 | Tar:7    | You pick up a book of Fire and begin reading...
130272 | Tar:7    | Got a coiled golden ring
130280 | Tar:7    | Got a smoking halberd
130291 | Tar:7    | Got an opalescent robe
130300 | Tar:7    | Identified the Papyrus of Supportive Evil
130304 | Tar:7    | Identified the Volume of Aerial Ice
130312 | Tar:7    | Got an opalescent robe
130314 | Tar:7    | Got a bloodstained short sword
130465 | Tar:7    | Killed Ereshkigal
130478 | Tar:7    | Got a bone rune of Zot
130850 | Vaults:5 | Bought a scroll of identify for 24 gold pieces
130850 | Vaults:5 | Bought a scroll of identify for 24 gold pieces
130850 | Vaults:5 | Identified the +8 halberd of the Real Monster {holy, rElec
                  | rC+} (You found it on level 7 of Tartarus)
130851 | Vaults:5 | Identified the cursed +1 short sword "Spider's Death"
                  | {vorpal, Int+2} (You found it on level 7 of Tartarus)
131137 | Depths:4 | Identified the +6 scale mail of Impermeability {Str+5} (You
                  | found it on level 7 of Tartarus)
131347 | Zot:4    | Identified the +3 robe "Guratah" {Dex+2 Stlth+} (You found
                  | it on level 7 of Tartarus)
131359 | Zot:4    | Identified the +0 robe of the Sturgeon {Rampage Str+5
                  | Dex+4} (You found it on level 7 of Tartarus)
131373 | Zot:4    | Identified the ring of Senups {rC+ Will+} (You found it on
                  | level 7 of Cocytus)
131375 | Zot:4    | Identified the ring "Rampeus" {+Blink Dex+7 SInv Stlth+}
                  | (You found it on level 7 of Tartarus)
132088 | Coc:2    | You fall into a shaft and drop 1 floor!
132939 | Dis:1    | Entered Level 1 of the Iron City of Dis
133160 | Dis:1    | Reached skill level 24 in Spellcasting
133530 | Dis:2    | Reached skill level 24 in Dodging
133552 | Dis:2    | Found a burning altar of Makhleb.
133600 | Dis:2    | Found a shimmering altar of Xom.
133805 | Dis:5    | Reached skill level 24 in Stealth
133961 | Dis:7    | Entered Level 7 of the Iron City of Dis
135239 | Dis:7    | Reached skill level 24 in Fighting
135239 | Dis:7    | Reached skill level 24 in Short Blades
135239 | Dis:7    | Reached skill level 24 in Long Blades
135239 | Dis:7    | Reached skill level 24 in Axes
135239 | Dis:7    | Reached skill level 24 in Maces & Flails
135239 | Dis:7    | Reached skill level 24 in Polearms
135239 | Dis:7    | Reached skill level 24 in Slings
135239 | Dis:7    | Reached skill level 24 in Bows
135239 | Dis:7    | Reached skill level 24 in Crossbows
135239 | Dis:7    | Reached skill level 24 in Throwing
135239 | Dis:7    | Reached skill level 24 in Armour
135239 | Dis:7    | Reached skill level 24 in Shields
135239 | Dis:7    | Reached skill level 24 in Unarmed Combat
135239 | Dis:7    | Reached skill level 24 in Evocations
135777 | Dis:7    | Reached skill level 24 in Translocations
136079 | Dis:7    | Reached skill level 21 in Hexes
136079 | Dis:7    | Reached skill level 21 in Summonings
136079 | Dis:7    | Reached skill level 21 in Necromancy
136079 | Dis:7    | Reached skill level 21 in Transmutations
136079 | Dis:7    | Reached skill level 21 in Fire Magic
136079 | Dis:7    | Reached skill level 21 in Ice Magic
136079 | Dis:7    | Reached skill level 21 in Air Magic
136079 | Dis:7    | Reached skill level 21 in Earth Magic
136079 | Dis:7    | Reached skill level 21 in Poison Magic
136361 | Dis:7    | Identified the Papyrus of Flames and Orientation
136380 | Dis:7    | Got brightly glowing pearl dragon scales {rare}
136380 | Dis:7    | t - brightly glowing pearl dragon scales {rare}
136383 | Dis:7    | Got a scorched cloak
136459 | Dis:7    | Got a bloodstained helmet
136539 | Dis:7    | Identified the Papyrus of Fetching Poison
136541 | Dis:7    | Identified the Volume of Earthen Summoning
136580 | Dis:7    | Got a scorched halberd
136582 | Dis:7    | Got an ancient spear
136602 | Dis:7    | Identified the cursed +1 spear "Tigudos" {elec, Dex+6} (You
                  | found it on level 7 of the Iron City of Dis)
136616 | Dis:7    | Identified the +1 helmet of Tiqu {-Cast Harm SInv} (You
                  | found it on level 7 of the Iron City of Dis)
136637 | Dis:7    | Identified the +1 cloak of Articulation {Rampage} (You
                  | found it on level 7 of the Iron City of Dis)
136658 | Dis:7    | Identified the +2 pearl dragon scales of the Lost Path {rN+
                  | Str+2, rare} (You found it on level 7 of the Iron City of
                  | Dis)
136658 | Dis:7    | You finish putting on the +2 pearl dragon scales of the
                  | Lost Path {rN+ Str+2, rare}.
136665 | Dis:7    | You finish taking off the +2 pearl dragon scales of the
                  | Lost Path {rN+ Str+2, rare}.
136673 | Dis:7    | You drop the +2 pearl dragon scales of the Lost Path {rN+
                  | Str+2, rare}.
136747 | Dis:7    | Got a wavering platinum ring
136753 | Dis:7    | Identified the ring "Pyeskaoba" {Ice rN+} (You found it on
                  | level 7 of the Iron City of Dis)
137110 | Dis:7    | Found the +4 staff of Dispater
137110 | Dis:7    | Noticed Dispater
137110 | Dis:7    | Dispater, Lord of the Iron City comes into view. They are
                  | wielding the +4 staff of Dispater.
137111 | Dis:7    | Here: Dispater, wielding the +4 staff of Dispater
                  | (wandering, hasn't noticed you)
137111 | Dis:7    | Here: Dispater, wielding the +4 staff of Dispater
                  | (wandering, hasn't noticed you)
137122 | Dis:7    | Aim: Dispater, wielding the +4 staff of Dispater (raging
                  | winds, moderately wounded, wandering, hasn't noticed you,
                  | 2% to evade)
137122 | Dis:7    | Aim: Dispater, wielding the +4 staff of Dispater (raging
                  | winds, moderately wounded, wandering, hasn't noticed you,
                  | 2% to evade)
137123 | Dis:7    | Aim: Dispater, wielding the +4 staff of Dispater (raging
                  | winds, heavily wounded, 2% to evade)
137123 | Dis:7    | Aim: Dispater, wielding the +4 staff of Dispater (raging
                  | winds, heavily wounded, 2% to evade)
137124 | Dis:7    | Aim: Dispater, wielding the +4 staff of Dispater (raging
                  | winds, heavily wounded, 2% to evade)
137124 | Dis:7    | Aim: Dispater, wielding the +4 staff of Dispater (raging
                  | winds, heavily wounded, 2% to evade)
137128 | Dis:7    | Aim: Dispater, wielding the +4 staff of Dispater (heavily
                  | wounded, 92% to hit)
137128 | Dis:7    | Aim: Dispater, wielding the +4 staff of Dispater (heavily
                  | wounded, 92% to hit)
137129 | Dis:7    | Aim: Dispater, wielding the +4 staff of Dispater (heavily
                  | wounded, 92% to hit)
137129 | Dis:7    | Aim: Dispater, wielding the +4 staff of Dispater (heavily
                  | wounded, 92% to hit)
137130 | Dis:7    | Aim: Dispater, wielding the +4 staff of Dispater (heavily
                  | wounded, 92% to hit)
137130 | Dis:7    | Aim: Dispater, wielding the +4 staff of Dispater (heavily
                  | wounded, 92% to hit)
137132 | Dis:7    | Aim: Dispater, wielding the +4 staff of Dispater (severely
                  | wounded, covered in acid, 2% to evade)
137132 | Dis:7    | Aim: Dispater, wielding the +4 staff of Dispater (severely
                  | wounded, covered in acid, 2% to evade)
137136 | Dis:7    | Aim: Dispater, wielding the +4 staff of Dispater (almost
                  | dead, wandering, misshapen and mutated, covered in acid,
                  | hasn't noticed you, 2% to evade)
137136 | Dis:7    | Aim: Dispater, wielding the +4 staff of Dispater (almost
                  | dead, wandering, misshapen and mutated, covered in acid,
                  | hasn't noticed you, 2% to evade)
137136 | Dis:7    | Killed Dispater
137137 | Dis:7    | Reached skill level 26 in Invocations
137352 | Dis:7    | quicksilver dragon scales {rare}; a quicksilver dragon
                  | skeleton
137378 | Dis:7    | Found the cursed +13 scythe of Curses {drain, *Curse}
137380 | Dis:7    | Got a twitching golden ring
137382 | Dis:7    | Got an ancient ring mail
137385 | Dis:7    | Got an iron rune of Zot
137391 | Dis:7    | You pick up a book of Cantrips and begin reading...
137509 | Hell     | Identified the cursed +0 ring mail of Beogh's Generosity
                  | {Int+3} (You found it on level 7 of the Iron City of Dis)
137560 | Hell     | Identified the ring "Extocal" {Wiz rPois} (You found it on
                  | level 7 of the Iron City of Dis)
137575 | Hell     | Identified the amulet "Laippin" {Faith rElec Str-3 Slay+3}
                  | (You found it on level 7 of Tartarus)
138000 | Coc:7    | Got an icy rune of Zot
138013 | Coc:7    | Killed Antaeus
138038 | Coc:7    | Got a ruby-encrusted chain mail
138039 | Coc:7    | Identified Woveaxto's Almanac of Bewitching Translocation
138208 | Hell     | Identified the cursed +0 chain mail of the Tanner {Str+2}
                  | (You found it on level 7 of Cocytus)
138461 | Zot:3    | Killed Uneer's ghost
138593 | Pan      | Entered Pandemonium
138598 | Pan      | Got a transparent chain mail
138617 | Pan      | Reached skill level 22 in Conjurations
138838 | Pan      | Noticed Nuile the pandemonium lord
139168 | Pan      | Killed Nuile the pandemonium lord
139454 | Pan      | Noticed Ysokh the pandemonium lord
139462 | Pan      | Killed Ysokh the pandemonium lord
139720 | Pan      | Identified the +7 chain mail of Hedging {rElec} (You found
                  | it in Pandemonium)
140381 | Pan      | Noticed Ozooh the pandemonium lord
140393 | Pan      | Killed Ozooh the pandemonium lord
140401 | Pan      | You pick up a book of Frost and begin reading...
140403 | Pan      | Got a demonic rune of Zot
140564 | Pan      | Noticed Ocizeudda the pandemonium lord
140602 | Pan      | HP: 38/240 [Executioner (27)]
140606 | Pan      | Reached skill level 25 in Spellcasting
141190 | Pan      | You pick up a book of Misfortune and begin reading...
141227 | Pan      | Reached skill level 25 in Dodging
141321 | Pan      | Got a scorched dagger
141340 | Pan      | Identified the +9 dagger "Jawkew" {vorpal, Int+3 Dex+2}
                  | (You found it in Pandemonium)
141601 | Pan      | Entered the realm of Gloorx Vloq.
141840 | Pan      | Reached skill level 25 in Stealth
141968 | Pan      | Noticed a curse skull
141971 | Pan      | Killed a curse skull
142023 | Pan      | Noticed a curse skull
142027 | Pan      | Killed a curse skull
142044 | Pan      | Got a dark rune of Zot
142523 | Pan      | Noticed Qunliomm the pandemonium lord
142936 | Pan      | Entered the realm of Cerebov.
143004 | Pan      | Found the +6 sword of Cerebov {flame}
143004 | Pan      | Cerebov, Demon Lord of Fire and Steel comes into view. They
                  | are wielding the +6 sword of Cerebov {flame}.
143004 | Pan      | Noticed Cerebov
143026 | Pan      | Found an exit through the horrors of the Abyss.
143050 | Pan      | You pick up a book of Minor Magic and begin reading...
143078 | Pan      | Got a faintly glowing ruby amulet
143079 | Pan      | Identified the amulet "Gytaonka" {Faith *Drain rC+ Str+4
                  | SInv} (You found it in Pandemonium)
143114 | Pan      | You pick up a book of the Earth and begin reading...
143146 | Pan      | You pick up a book of Unlife and begin reading...
143162 | Pan      | Got a flickering lapis lazuli ring
143163 | Pan      | Identified the ring "Qyloko" {rC+ MP+9} (You found it in
                  | Pandemonium)
143177 | Pan      | Reached skill level 25 in Fighting
143177 | Pan      | Reached skill level 25 in Short Blades
143177 | Pan      | Reached skill level 25 in Long Blades
143177 | Pan      | Reached skill level 25 in Axes
143177 | Pan      | Reached skill level 25 in Maces & Flails
143177 | Pan      | Reached skill level 25 in Polearms
143177 | Pan      | Reached skill level 25 in Slings
143177 | Pan      | Reached skill level 25 in Bows
143177 | Pan      | Reached skill level 25 in Crossbows
143177 | Pan      | Reached skill level 25 in Throwing
143177 | Pan      | Reached skill level 25 in Armour
143177 | Pan      | Reached skill level 25 in Shields
143177 | Pan      | Reached skill level 25 in Unarmed Combat
143177 | Pan      | Reached skill level 25 in Evocations
143178 | Pan      | Identified the ring of Basmukoz {rCorr Str+2 Int+4 Stlth+}
143201 | Pan      | Got a flickering silver ring
143202 | Pan      | Identified the ring of the Distant Future {rF+ MP+9 Str+2
                  | Stlth+} (You found it in Pandemonium)
143316 | Pan      | Here: Cerebov, wielding the +6 sword of Cerebov {flame}
                  | (wandering, hasn't noticed you)
143316 | Pan      | Here: Cerebov, wielding the +6 sword of Cerebov {flame}
                  | (wandering, hasn't noticed you)
143316 | Pan      | Aim: Cerebov, wielding the +6 sword of Cerebov {flame}
                  | (wandering, hasn't noticed you)
143316 | Pan      | Aim: Cerebov, wielding the +6 sword of Cerebov {flame}
                  | (wandering, hasn't noticed you)
143327 | Pan      | Got a fiery rune of Zot
143333 | Pan      | Aim: Cerebov, wielding the +6 sword of Cerebov {flame}
                  | (raging winds, moderately wounded, fast, 15% to evade)
143333 | Pan      | Aim: Cerebov, wielding the +6 sword of Cerebov {flame}
                  | (raging winds, moderately wounded, fast, 15% to evade)
143600 | Pan      | Got a dazzling quarterstaff
143811 | Pan      | Entered the realm of Lom Lobon.
143837 | Pan      | Identified the +3 quarterstaff of the Shouting Seeker
                  | {vorpal, rPois} (You found it in Pandemonium)
143844 | Pan      | Found the +6 sword of Cerebov {flame}
143844 | Pan      | Cerebov, Demon Lord of Fire and Steel comes into view. They
                  | are wielding the +6 sword of Cerebov {flame}.
143844 | Pan      | Noticed Cerebov
144002 | Pan      | Noticed Gloorx Vloq
144005 | Pan      | Killed a curse skull
144092 | Pan      | Found an exit through the horrors of the Abyss.
144229 | Pan      | Here: Cerebov, wielding the +6 sword of Cerebov {flame}
                  | (heavily wounded, fast)
144229 | Pan      | Here: Cerebov, wielding the +6 sword of Cerebov {flame}
                  | (heavily wounded, fast)
144464 | Pan      | Killed Gloorx Vloq
144635 | Pan      | Here: Cerebov, wielding the +6 sword of Cerebov {flame}
                  | (lightly wounded, wandering, hasn't noticed you)
144635 | Pan      | Here: Cerebov, wielding the +6 sword of Cerebov {flame}
                  | (lightly wounded, wandering, hasn't noticed you)
144640 | Pan      | Here: Cerebov, wielding the +6 sword of Cerebov {flame}
                  | (lightly wounded, wandering, hasn't noticed you)
144640 | Pan      | Here: Cerebov, wielding the +6 sword of Cerebov {flame}
                  | (lightly wounded, wandering, hasn't noticed you)
144640 | Pan      | Aim: Cerebov, wielding the +6 sword of Cerebov {flame}
                  | (lightly wounded, wandering, hasn't noticed you, 15% to
                  | evade)
144640 | Pan      | Aim: Cerebov, wielding the +6 sword of Cerebov {flame}
                  | (lightly wounded, wandering, hasn't noticed you, 15% to
                  | evade)
144646 | Pan      | Aim: Cerebov, wielding the +6 sword of Cerebov {flame}
                  | (raging winds, moderately wounded, 15% to evade)
144646 | Pan      | Aim: Cerebov, wielding the +6 sword of Cerebov {flame}
                  | (raging winds, moderately wounded, 15% to evade)
144647 | Pan      | Aim: Cerebov, wielding the +6 sword of Cerebov {flame}
                  | (raging winds, moderately wounded, 15% to evade)
144647 | Pan      | Aim: Cerebov, wielding the +6 sword of Cerebov {flame}
                  | (raging winds, moderately wounded, 15% to evade)
144648 | Pan      | Aim: Cerebov, wielding the +6 sword of Cerebov {flame}
                  | (raging winds, heavily wounded, fast, 15% to evade)
144648 | Pan      | Aim: Cerebov, wielding the +6 sword of Cerebov {flame}
                  | (raging winds, heavily wounded, fast, 15% to evade)
144649 | Pan      | Aim: Cerebov, wielding the +6 sword of Cerebov {flame}
                  | (heavily wounded, fast, 15% to evade)
144649 | Pan      | Aim: Cerebov, wielding the +6 sword of Cerebov {flame}
                  | (heavily wounded, fast, 15% to evade)
144650 | Pan      | Aim: Cerebov, wielding the +6 sword of Cerebov {flame}
                  | (heavily wounded, fast, 15% to evade)
144650 | Pan      | Aim: Cerebov, wielding the +6 sword of Cerebov {flame}
                  | (heavily wounded, fast, 15% to evade)
144651 | Pan      | Aim: Cerebov, wielding the +6 sword of Cerebov {flame}
                  | (heavily wounded, fast, infinite will)
144651 | Pan      | Aim: Cerebov, wielding the +6 sword of Cerebov {flame}
                  | (heavily wounded, fast)
144651 | Pan      | Aim: Cerebov, wielding the +6 sword of Cerebov {flame}
                  | (heavily wounded, fast)
144652 | Pan      | Aim: Cerebov, wielding the +6 sword of Cerebov {flame}
                  | (heavily wounded, fast, more vulnerable to fire, 15% to
                  | evade)
144652 | Pan      | Aim: Cerebov, wielding the +6 sword of Cerebov {flame}
                  | (heavily wounded, fast, more vulnerable to fire, 15% to
                  | evade)
144652 | Pan      | Aim: Cerebov, wielding the +6 sword of Cerebov {flame}
                  | (severely wounded, summoned, fast, more vulnerable to fire,
                  | lightly drained, friendly, 15% to evade)
144652 | Pan      | Aim: Cerebov, wielding the +6 sword of Cerebov {flame}
                  | (heavily wounded, fast, more vulnerable to fire, 15% to
                  | evade)
144653 | Pan      | Aim: Cerebov, wielding the +6 sword of Cerebov {flame}
                  | (severely wounded, fast, more vulnerable to fire, 15% to
                  | evade)
144653 | Pan      | Aim: Cerebov, wielding the +6 sword of Cerebov {flame}
                  | (severely wounded, fast, more vulnerable to fire, 15% to
                  | evade)
144658 | Pan      | Aim: Cerebov, wielding the +6 sword of Cerebov {flame}
                  | (almost dead, fast, 14% to evade)
144658 | Pan      | Aim: Cerebov, wielding the +6 sword of Cerebov {flame}
                  | (almost dead, fast, 14% to evade)
144658 | Pan      | Killed Cerebov
145221 | Pan      | Reached skill level 27 in Invocations
145239 | Pan      | Noticed Lom Lobon
145264 | Pan      | Reached skill level 22 in Hexes
145264 | Pan      | Reached skill level 22 in Summonings
145264 | Pan      | Reached skill level 22 in Necromancy
145264 | Pan      | Reached skill level 22 in Transmutations
145264 | Pan      | Reached skill level 22 in Fire Magic
145264 | Pan      | Reached skill level 22 in Ice Magic
145264 | Pan      | Reached skill level 22 in Air Magic
145264 | Pan      | Reached skill level 22 in Earth Magic
145264 | Pan      | Reached skill level 22 in Poison Magic
145278 | Pan      | Got a magical rune of Zot
145294 | Pan      | HP: 58/242 [Lom Lobon/great icy blast (30)]
145772 | Pan      | Entered the realm of Mnoleg.
145845 | Pan      | Noticed Mnoleg
146057 | Pan      | Found an exit through the horrors of the Abyss.
146211 | Pan      | Killed Mnoleg
146215 | Pan      | Got a glowing rune of Zot
146220 | Pan      | Identified the cursed +1 robe "Xivotui" {rElec rC+ Int+4}
                  | (You found it in Pandemonium)
146348 | Pan      | Took an exit into the Abyss.
146348 | Abyss:1  | You pass through the gate.
146348 | Abyss:1  | Escaped into the Abyss
146365 | Abyss:1  | Found a sparkling altar of Nemelex Xobeh.
146386 | Depths:5 | You pass through the gate.
146386 | Depths:5 | Escaped the Abyss
147588 | Tomb:1   | Entered Level 1 of the Tomb of the Ancients
148275 | Tomb:1   | Noticed a royal mummy
148280 | Tomb:1   | Killed a royal mummy
148281 | Tomb:1   | Reached skill level 25 in Translocations
148625 | Tomb:1   | Noticed a royal mummy
148633 | Tomb:1   | Killed a royal mummy
148640 | Tomb:1   | You pick up a book of Dreams and begin reading...
148642 | Tomb:1   | You pick up a book of Summonings and begin reading...
148642 | Tomb:1   | You add the spells Summon Demon and Summon Mana Viper to
                  | your library.
148665 | Tomb:1   | Noticed a royal mummy
148665 | Tomb:1   | Noticed a royal mummy
148667 | Tomb:1   | Noticed a royal mummy
148667 | Tomb:1   | Noticed a royal mummy
148671 | Tomb:1   | Killed a royal mummy
148671 | Tomb:1   | Killed a royal mummy
148674 | Tomb:1   | Noticed a royal mummy
148675 | Tomb:1   | Killed a royal mummy
148675 | Tomb:1   | Killed a royal mummy
148675 | Tomb:1   | Noticed a royal mummy
148676 | Tomb:1   | Noticed a royal mummy
148680 | Tomb:1   | Noticed a royal mummy
148682 | Tomb:1   | Noticed a royal mummy
148682 | Tomb:1   | Noticed a royal mummy
148683 | Tomb:1   | Killed a royal mummy
148685 | Tomb:1   | Killed a royal mummy
148930 | Tomb:1   | Killed a royal mummy
148945 | Tomb:1   | Killed a royal mummy
149043 | Tomb:1   | Noticed a royal mummy
149045 | Tomb:1   | Noticed a royal mummy
149048 | Tomb:1   | Noticed a royal mummy
149050 | Tomb:1   | Killed a royal mummy
149050 | Tomb:1   | Killed a royal mummy
149052 | Tomb:1   | Killed a royal mummy
149053 | Tomb:1   | Reached skill level 23 in Conjurations
149060 | Tomb:1   | Noticed a royal mummy
149068 | Tomb:1   | Killed a royal mummy
149072 | Tomb:1   | Noticed a royal mummy
149090 | Tomb:1   | Killed a royal mummy
149162 | Tomb:1   | Noticed a royal mummy
149169 | Tomb:1   | Killed a royal mummy
149186 | Tomb:1   | Noticed a royal mummy
149189 | Tomb:1   | Noticed a royal mummy
149190 | Tomb:1   | Killed a royal mummy
149193 | Tomb:1   | Killed a royal mummy
149197 | Tomb:1   | You pick up a book of Debilitation and begin reading...
149209 | Tomb:1   | magus.rc [v1.9.10]
149407 | Tomb:2   | Noticed a royal mummy
149408 | Tomb:2   | Noticed Khufu
149408 | Tomb:2   | Noticed a royal mummy
149408 | Tomb:2   | Noticed a royal mummy
149417 | Tomb:2   | Killed Khufu
149417 | Tomb:2   | Killed a royal mummy
149417 | Tomb:2   | Killed a royal mummy
149418 | Tomb:2   | Reached skill level 26 in Spellcasting
149418 | Tomb:2   | Killed a royal mummy
149530 | Tomb:3   | Entered Level 3 of the Tomb of the Ancients
149532 | Tomb:3   | Reached skill level 26 in Dodging
149555 | Tomb:3   | Noticed a royal mummy
149556 | Tomb:3   | Noticed a royal mummy
149564 | Tomb:3   | Noticed a royal mummy
149564 | Tomb:3   | Killed a royal mummy
149566 | Tomb:3   | Reached skill level 26 in Stealth
149566 | Tomb:3   | Killed a royal mummy
149566 | Tomb:3   | Noticed a royal mummy
149567 | Tomb:3   | HP: 51/244 [royal mummy/divine providence (11)]
149568 | Tomb:3   | Killed a royal mummy
149568 | Tomb:3   | HP: 22/244 [bennu (20)]
149568 | Tomb:3   | HP: 5/244 [bennu (17)]
149568 | Tomb:3   | Demolished by a bennu

Vanquished Creatures
  Cerebov (Pan)
  Antaeus (Coc:7)
  Asmodeus (Geh:7)
  the Royal Jelly (Slime:5)
  Gloorx Vloq (Pan)
  Dissolution (Slime:3)
  Ereshkigal (Tar:7)
  Mnoleg (Pan)
  Dispater (Dis:7)
  3 pandemonium lords (Pan)
  Khufu (Tomb:2)
  An orb of fire (Zot:5)
  The ghost of Uneer the Black Belt, a legendary GnFE of Okawaru (Zot:3)
  3 juggernauts
  4 ancient liches
  24 royal mummies
  Sojobo (Depths:2)
  22 shard shrikes
  Bai Suzhen (Spider:3)
  4 curse toes
  Xtahua (Depths:3)
  2 caustic shrikes (Depths:2)
  The ghost of oc3rt the Imperceptible, a master KoHu of Hepliaklqana (Depths:2)
  Geryon (Hell)
  Nikola (Depths:3)
  the Enchantress (Depths:4)
  A profane servitor (Abyss:5)
  18 golden dragons
  Jory (Crypt:2)
  22 bone dragons
  2 electric golems
  The ghost of vegansnacktivist the Executioner, an adept DDFi of Makhleb (Vaults:1)
  40 Brimstone Fiends
  19 doom hounds
  60 Tzitzimimeh
  5 iron giants (Dis:7)
  Arachne (Spider:3)
  2 hellephants
  Rupert (Orc:2)
  7 Hell Sentinels
  17 tentacled monstrosities
  18 Ice Fiends
  8 Orb Guardians (Zot:5)
  19 liches
  3 deep elf blademasters
  10 titans
  4 deep elf master archers (Elf:3)
  10 quicksilver dragons
  15 Executioners
  An eldritch tentacle (WizLab)
  11 sphinxes
  Murray (Hell)
  18 acid blobs
  A kraken (Shoals:4)
  13 ancient champions
  11 death cobs
  Gastronok (Lair:3)
  Polyphemus (Shoals:3)
  22 tentacled starspawn
  The ghost of ColdPorridge the Tortoise, an adept FoVM of Okawaru (Spider:4)
  18 storm dragons
  8 tengu reavers
  17 shadow dragons
  3 revenants
  18 azure jellies
  Roxanne (Elf:2)
  13 draconian monks
  7 deep elf sorcerers
  8 iron dragons
  Ilsuiw (Shoals:3)
  A daeva (Abyss:1)
  8 frost giants
  14 vault wardens
  Donald (Spider:3)
  3 corrupters (Pan)
  9 ghost moths
  6 draconian knights
  6 draconian scorchers
  2 spectral juggernauts (Depths:2)
  Louise (Spider:3)
  8 emperor scorpions
  3 warmongers (Pan)
  7 draconian shifters
  15 fire giants
  7 deep elf elementalists
  31 balrugs
  19 cacodemons
  3 curse skulls (Pan)
  11 ghouls
  97 reapers
  3 spriggan defenders (Depths:4)
  14 stone giants
  35 war gargoyles
  3 blood saints (Pan)
  10 draconian annihilators
  3 draconian stormcallers
  12 ironheart preservers
  24 very ugly things
  4 elemental wellsprings
  A juggernaut skeleton (Crypt:2)
  7 black suns (Pan)
  5 green draconians
  12 vampire knights
  2 bennus (Tomb:1)
  29 starcursed masses
  The ghost of Zeld the Ripper, a journeyman FeBe of Trog (Lair:5)
  11 deep elf annihilators
  4 deep elf demonologists
  11 spark wasps
  16 lorocyprocas
  15 black draconians
  A dire elephant (Lair:6)
  13 red draconians
  2 entropy weavers
  8 yellow draconians
  8 white draconians
  14 green deaths
  16 purple draconians
  11 ettins
  5 merfolk javelineers
  12 fire dragons
  35 blizzard demons
  3 crystal guardians (Crypt:3)
  12 merfolk impalers
  2 eidola
  6 deep elf death magi
  10 quicksilver dragon zombies
  19 yaktaur captains
  12 mummy priests
  A shambling mangrove (Abyss:5)
  24 death oozes
  2 kraken zombies
  12 deep elf high priests
  Harold (D:8)
  5 monstrous demonspawn (Pan)
  10 great orbs of eyes
  9 jiangshi
  33 vault guards
  6 hydras
  Fannar (Lair:2)
  6 quicksilver dragon skeletons
  38 ice dragons
  13 boulder beetles
  3 ghost crabs
  7 spriggan air magi
  A hell beast (Pan)
  13 rakshasas
  2 merfolk avatars
  2 death knights (Vaults:2)
  6 catoblepae
  An alligator snapping turtle (Shoals:4)
  13 centaur warriors
  45 two-headed ogres
  33 dancing weapons
  5 merfolk aquamancers
  12 death yaks
  9 deep troll shamans
  3 satyrs
  Erica (D:11)
  18 tengu warriors
  15 death scarabs
  9 vampire magi
  14 spriggan berserkers
  37 hell hogs
  14 ogre magi
  7 deep troll earth magi
  2 orc high priests
  3 shock serpents (Pan)
  Urug (D:11)
  47 soul eaters
  8 titan skeletons
  40 thrashing horrors
  10 titan zombies
  Nergalle (Lair:1)
  12 storm dragon zombies
  16 deep elf knights
  52 sun demons
  15 iron trolls
  13 iron golems
  22 sixfirhies
  13 wretched stars
  47 hell knights
  15 anaconda zombies
  6 storm dragon skeletons
  An unseen horror (shapeshifter) (Abyss:2)
  16 flayed ghosts
  4 death drakes
  225 skeletal warriors
  11 glowing orange brains
  24 deep trolls
  12 unseen horrors
  24 shadow wraiths
  25 shadow demons
  A cherub (Pan)
  3 ghost moth zombies
  5 spatial maelstroms
  A swamp dragon (shapeshifter) (Depths:4)
  5 torturous demonspawn (Pan)
  6 wizards
  4 bog bodies (Coc:7)
  2 quicksilver dragon simulacra (Depths:4)
  Pikel (D:5)
  4 golden dragon zombies
  4 infernal demonspawn (Pan)
  An obsidian statue (WizLab)
  15 sea snakes
  3 gelid demonspawn (Pan)
  10 deep elf archers
  8 shadow dragon zombies
  18 ironbrand convokers
  A harpy (shapeshifter) (Vaults:3)
  A lindwurm (shapeshifter) (Depths:2)
  8 harpies
  18 anaconda skeletons
  9 wolf spider zombies
  15 orc knights
  5 lindwurms
  5 golden dragon skeletons
  8 stone giant zombies
  An orange crystal statue (Depths:2)
  27 phantasmal warriors
  9 fire giant zombies
  21 necromancers
  19 orb spiders
  3 salamanders
  5 shadow dragon skeletons
  3 orb spiders (shapeshifter)
  47 deep elf magi
  9 orc sorcerers
  A mana viper (Abyss:2)
  4 fauns
  A salamander (shapeshifter) (Abyss:2)
  9 shining eyes
  17 frost giant zombies
  44 wolf spiders
  9 cyclopes
  An oklob plant (Lair:6)
  A shining eye (shapeshifter) (D:15)
  14 iron dragon zombies
  15 manticores
  43 ugly things
  A will-o-the-wisp (Abyss:1)
  9 worldbinders
  4 black mambas
  4 iron dragon skeletons
  4 shock serpent zombies
  3 apocalypse crabs
  6 merfolk sirens
  16 fire giant skeletons
  A guardian serpent (shapeshifter) (Depths:2)
  4 dire elephant zombies
  11 frost giant skeletons
  35 rust devils
  16 vault sentinels
  24 moths of wrath
  Joseph (D:11)
  10 molten gargoyles
  14 stone giant skeletons
  A guardian serpent (WizLab)
  2 elephants (Lair:6)
  2 spriggan zombies
  2 torpor snails
  4 ice statues
  A titan simulacrum (Tar:7)
  5 water nymphs
  2 eyes of devastation (Slime:4)
  A torpor snail (shapeshifter) (Vaults:4)
  59 smoke demons
  A water nymph (shapeshifter) (Depths:5)
  A black draconian zombie (Geh:7)
  A yaktaur (shapeshifter) (Depths:4)
  21 orange demons
  56 hellions
  5 human skeletons
  3 gargoyles
  12 cane toads
  An eye of devastation (shapeshifter) (Elf:1)
  11 rime drakes
  Maggie (D:6)
  A shock serpent skeleton (Geh:7)
  9 dire elephant skeletons
  A rime drake (shapeshifter) (Vaults:4)
  A demonspawn skeleton (WizLab)
  27 demonic crawlers
  7 komodo dragons
  7 emperor scorpion zombies
  61 yaktaurs
  6 kobold demonologists
  A spectral redback (Spider:4)
  2 catoblepas zombies
  6 spriggan skeletons
  17 efreet
  52 freezing wraiths
  21 hellwings
  59 tormentors
  2 anaconda simulacra
  A yellow draconian skeleton (Dis:7)
  64 ice devils
  16 ancient zymes
  26 guardian mummies
  6 silent spectres
  5 catoblepas skeletons (Abyss:5)
  A minotaur skeleton (Coc:1)
  A queen bee (shapeshifter) (Vaults:4)
  52 red devils
  2 tengu conjurers
  31 jumping spiders
  8 hornets
  6 harpy zombies
  A shadow dragon simulacrum (Abyss:3)
  14 trolls
  23 hydra zombies
  25 merfolk
  A spectral tarantella (Spider:4)
  3 polar bears
  A polar bear (shapeshifter) (Vaults:4)
  2 spectral jumping spiders (Spider:4)
  4 tyrant leeches (Abyss:1)
  A hornet (shapeshifter) (Vaults:2)
  Prince Ribbit (D:6)
  A raiju (shapeshifter) (Abyss:3)
  5 dream sheep
  An iron dragon simulacrum (Coc:4)
  14 fire dragon zombies
  A guardian serpent zombie (Crypt:2)
  9 wind drakes
  107 slime creatures
  A wolf spider simulacrum (D:14)
  52 raiju
  9 alligator zombies
  11 snapping turtles
  2 wind drakes (shapeshifter)
  39 blink frogs
  9 hydra skeletons
  A stone giant simulacrum (Tar:7)
  4 harpy skeletons
  11 ice dragon zombies
  A frost giant simulacrum (Coc:4)
  10 ettin zombies
  37 shadows
  54 wraiths
  73 redbacks
  10 ettin skeletons
  8 air elementals
  151 flying skulls
  18 tarantellas
  5 fire dragon skeletons
  4 ice dragon skeletons
  6 vampires
  47 water elementals
  A tarantella (shapeshifter) (Depths:2)
  7 alligator skeletons
  32 ynoxinuls
  3 black mamba zombies
  A spriggan (Depths:4)
  4 wyverns
  40 fire elementals
  A wind drake zombie (Crypt:2)
  3 black mamba skeletons
  3 ushabtiu
  5 basilisks
  43 yaks
  9 golden eyes
  54 large abominations
  A golden eye (shapeshifter) (Elf:1)
  32 neqoxecs
  23 chaos spawn
  4 fire bats (Pan)
  A human (shapeshifter) (Vaults:3)
  2 steam dragons (Shoals:3)
  2 redback simulacra (Spider:4)
  A death yak simulacrum (Lair:5)
  5 vampire mosquitoes
  2 merfolk zombies
  8 spatial vortices
  A harpy simulacrum (Coc:1)
  4 wargs
  A gelid demonspawn zombie (Geh:4)
  A deep troll zombie (Crypt:2)
  A spectral orb spider (Spider:4)
  24 water moccasins
  2 acid dragons
  90 hell hounds
  2 hydra simulacra
  A floating eye (shapeshifter) (Abyss:2)
  3 floating eyes
  A hornet zombie (D:8)
  17 cane toad zombies
  A spectral torpor snail (Spider:4)
  9 cane toad skeletons
  2 manticore zombies
  6 eyes of draining
  45 orc warriors
  5 sky beasts
  A merfolk skeleton (Pan)
  14 phantoms
  30 ice beasts
  6 black bears
  A jumping spider simulacrum (Spider:4)
  44 ogres
  36 small abominations
  69 necrophages
  8 snapping turtle zombies
  5 swamp drakes (Depths:5)
  2 boulder beetle simulacra
  6 ettin simulacra
  2 swamp dragon zombies
  26 wolves
  16 boggarts
  12 centaurs
  3 swamp dragon skeletons
  An elephant skeleton (Crypt:2)
  4 snapping turtle skeletons
  4 manticore skeletons
  2 elf zombies
  4 lemures (D:5)
  7 big kobolds
  A fire crab zombie (Crypt:1)
  A salamander zombie (Crypt:2)
  Blork the orc (D:6)
  8 earth elementals (Abyss:5)
  25 bullfrogs
  A gnoll sergeant (D:11)
  2 elf skeletons
  4 cane toad simulacra
  7 scorpions
  A wyvern skeleton (D:7)
  A blink frog simulacrum (Lair:5)
  11 killer bees
  A manticore simulacrum (Coc:4)
  2 dream sheep simulacra (Lair:5)
  3 troll zombies
  An elephant simulacrum (Lair:5)
  111 wights
  4 howler monkeys
  4 electric eels
  7 crimson imps
  A torpor snail simulacrum (Lair:5)
  8 centaur zombies
  A lava snake (Lair:3)
  A draconian simulacrum (IceCv)
  A fire crab simulacrum (Lair:5)
  5 bullfrog zombies
  9 quasits
  6 human zombies
  20 iron imps
  21 jellies
  A water moccasin simulacrum (D:11)
  7 centaur skeletons
  19 orc priests
  2 gnoll shamans
  6 hounds
  23 orc wizards
  3 bullfrog skeletons
  5 iguanas
  Ijyb (D:3)
  12 hell rats
  2 troll simulacra (IceCv)
  9 worker ants
  2 killer bee zombies
  A deep dwarf zombie (Crypt:1)
  2 big kobold zombies (Ossuary)
  2 tengu zombies
  2 naga skeletons
  2 big kobold skeletons
  2 ogre skeletons
  29 mummies
  A howler monkey zombie (Crypt:1)
  14 gnolls
  4 river rats (D:6)
  A worker ant zombie (D:9)
  17 adders
  4 ogre simulacra (IceCv)
  3 naga simulacra (IceCv)
  35 shadow imps
  28 white imps
  5 ufetubi
  16 oozes
  An adder skeleton (D:4)
  An iguana skeleton (Crypt:1)
  3 worms (D:2)
  3 dart slugs
  7 leopard geckos
  90 orcs
  7 bats
  5 giant cockroaches
  9 goblins
  9 hobgoblins
  16 jackals
  20 kobolds
  6 quokkas
  3 ball pythons (D:2)
  2 frilled lizards
  A hobgoblin zombie (Ossuary)
  A jackal zombie (D:8)
  A kobold zombie (Geh:4)
  An orc zombie (Crypt:1)
  2 quokka skeletons
  4 rats
  9 ball lightnings (Pan)
  2 blocks of ice (Pan)
  9 fire vortices (Pan)
  3 lurking horrors
  23 starspawn tentacles
  3 tentacles
5970 creatures vanquished.

Vanquished Creatures (collateral kills)
  An Executioner (Pan)
  A death ooze (Slime:5)
2 creatures vanquished.

Vanquished Creatures (others)
  A titan (Pan)
  An Executioner (Pan)
  A ghost moth (Zot:3)
  A war gargoyle (Vaults:5)
  An elemental wellspring (Coc:6)
  2 thrashing horrors (Abyss:5)
  A wretched star (Abyss:5)
  An anaconda skeleton (Coc:7)
  2 large abominations (Abyss:5)
  A hellwing (Pan)
  4 small abominations
  3 shadows
  A chaos spawn (Abyss:5)
  A wolf (Lair:5)
  A killer bee (shapeshifter) (Vaults:5)
  An iron imp (Dis:7)
  A kobold zombie (Geh:4)
  2 ball lightnings (Pan)
  2 bushes
  4 demonic plants
  5 foxfires (Abyss:1)
  31 fulminant prisms
  68 fungi
  2 lurking horrors
  252 plants
  19 starspawn tentacles
  13 tentacles
  3 withered plants (Tar:6)
425 creatures vanquished.

Grand Total: 6397 creatures vanquished

Table legend:
 A = Non-vault XP
 B = Vault XP
 C = Vault XP percentage of total XP
 D = Non-vault monster count
 E = Vault monster count
 F = Vault count percentage of total count
                 A         B        C        D         E       F
            +---------+---------+-------+---------+---------+-------
      Total | 2615044 | 1931249 |  42.5 |    4171 |    1730 |  29.3
            +---------+---------+-------+---------+---------+-------
        D:1 |      64 |       0 |   0.0 |      35 |       0 |   0.0
        D:2 |      70 |       0 |   0.0 |      27 |       0 |   0.0
        D:3 |     141 |      36 |  20.3 |      24 |       1 |   4.0
        D:4 |     305 |     110 |  26.5 |      17 |       1 |   5.6
        D:5 |     637 |     739 |  53.7 |      12 |       2 |  14.3
        D:6 |     533 |     966 |  64.4 |      16 |       9 |  36.0
        D:7 |    1704 |    2034 |  54.4 |      33 |       9 |  21.4
        D:8 |    1486 |    1407 |  48.6 |      27 |       4 |  12.9
        D:9 |     642 |       0 |   0.0 |      14 |       0 |   0.0
       D:10 |    3480 |       0 |   0.0 |      52 |       0 |   0.0
       D:11 |    5749 |   16090 |  73.7 |      39 |      25 |  39.1
       D:12 |    5782 |       0 |   0.0 |      41 |       0 |   0.0
       D:13 |   10482 |    2848 |  21.4 |      29 |      10 |  25.6
       D:14 |    7501 |       0 |   0.0 |      29 |       0 |   0.0
       D:15 |   12594 |    2240 |  15.1 |      34 |       4 |  10.5
     Lair:1 |    4955 |    1049 |  17.5 |      25 |       3 |  10.7
     Lair:2 |    4890 |     986 |  16.8 |      24 |       1 |   4.0
     Lair:3 |    4870 |    3658 |  42.9 |      29 |      23 |  44.2
     Lair:4 |    8828 |     256 |   2.8 |      37 |       1 |   2.6
     Lair:5 |    7602 |    5503 |  42.0 |      30 |      30 |  50.0
     Lair:6 |   10092 |   10888 |  51.9 |      22 |      21 |  48.8
   Shoals:1 |    9473 |     205 |   2.1 |      20 |       1 |   4.8
   Shoals:2 |    5704 |    1075 |  15.9 |      11 |       5 |  31.2
   Shoals:3 |   17128 |   13018 |  43.2 |      31 |      19 |  38.0
   Shoals:4 |    9888 |   21328 |  68.3 |      26 |      28 |  51.9
   Spider:1 |   12099 |    3356 |  21.7 |      29 |       9 |  23.7
   Spider:2 |   16168 |    2964 |  15.5 |      46 |       5 |   9.8
   Spider:3 |   18906 |   12420 |  39.6 |      51 |       5 |   8.9
   Spider:4 |    9356 |   35828 |  79.3 |      18 |      62 |  77.5
    Slime:1 |   26888 |       0 |   0.0 |      33 |       0 |   0.0
    Slime:2 |    3145 |       0 |   0.0 |       9 |       0 |   0.0
    Slime:3 |    6564 |   11807 |  64.3 |       9 |       1 |  10.0
    Slime:4 |   14756 |       0 |   0.0 |      29 |       0 |   0.0
    Slime:5 |   18963 |   31428 |  62.4 |      38 |      14 |  26.9
      Orc:1 |    3792 |       0 |   0.0 |      38 |       0 |   0.0
      Orc:2 |    2547 |   10280 |  80.1 |      35 |      27 |  43.5
      Elf:1 |    9891 |   18461 |  65.1 |      16 |      30 |  65.2
      Elf:2 |    2900 |   27861 |  90.6 |       5 |      30 |  85.7
      Elf:3 |   11563 |   40079 |  77.6 |      17 |      26 |  60.5
   Vaults:1 |   32581 |    7687 |  19.1 |      64 |       6 |   8.6
   Vaults:2 |   26675 |   27492 |  50.8 |      40 |      39 |  49.4
   Vaults:3 |   18149 |   18764 |  50.8 |      27 |      26 |  49.1
   Vaults:4 |   57640 |   15798 |  21.5 |      95 |      17 |  15.2
   Vaults:5 |   25369 |  149410 |  85.5 |      38 |      95 |  71.4
    Crypt:1 |   22423 |       0 |   0.0 |      43 |       0 |   0.0
    Crypt:2 |   25324 |    3954 |  13.5 |      33 |       1 |   2.9
    Crypt:3 |       0 |   64593 | 100.0 |       0 |      81 | 100.0
     Tomb:1 |   10099 |  147064 |  93.6 |      24 |      48 |  66.7
     Tomb:2 |    1420 |   40226 |  96.6 |       2 |      18 |  90.0
     Tomb:3 |    1910 |   33479 |  94.6 |      10 |      25 |  71.4
   Depths:1 |   33278 |    1312 |   3.8 |      49 |       2 |   3.9
   Depths:2 |   60075 |  118194 |  66.3 |      77 |      64 |  45.4
   Depths:3 |   20236 |   22276 |  52.4 |      21 |      12 |  36.4
   Depths:4 |    3281 |  115409 |  97.2 |       5 |     128 |  96.2
   Depths:5 |   37643 |   50899 |  57.5 |      36 |      46 |  56.1
       Hell |   42006 |   43735 |  51.0 |      30 |      59 |  66.3
      Dis:1 |   22046 |       0 |   0.0 |      31 |       0 |   0.0
      Dis:2 |   18005 |       0 |   0.0 |      34 |       0 |   0.0
      Dis:3 |       0 |      39 | 100.0 |       0 |       1 | 100.0
      Dis:4 |    7706 |       0 |   0.0 |      16 |       0 |   0.0
      Dis:5 |   10558 |       0 |   0.0 |      19 |       0 |   0.0
      Dis:6 |    6187 |       0 |   0.0 |      13 |       0 |   0.0
      Dis:7 |  120177 |  117032 |  49.3 |     154 |      70 |  31.2
      Geh:1 |   11536 |   11746 |  50.5 |      16 |      13 |  44.8
      Geh:2 |   24154 |     137 |   0.6 |      33 |       1 |   2.9
      Geh:3 |   24690 |       0 |   0.0 |      48 |       0 |   0.0
      Geh:4 |   36209 |     214 |   0.6 |      68 |       1 |   1.4
      Geh:5 |   34018 |       0 |   0.0 |      43 |       0 |   0.0
      Geh:6 |   16279 |       0 |   0.0 |      40 |       0 |   0.0
      Geh:7 |   93131 |   59732 |  39.1 |     143 |      41 |  22.3
      Coc:1 |    9667 |       0 |   0.0 |      30 |       0 |   0.0
      Coc:2 |   27511 |       0 |   0.0 |      70 |       0 |   0.0
      Coc:3 |   21841 |       0 |   0.0 |      50 |       0 |   0.0
      Coc:4 |   40302 |   28619 |  41.5 |      45 |      26 |  36.6
      Coc:5 |   22980 |       0 |   0.0 |      45 |       0 |   0.0
      Coc:6 |   46377 |       0 |   0.0 |      58 |       0 |   0.0
      Coc:7 |   98342 |   67968 |  40.9 |      85 |      57 |  40.1
      Tar:1 |  102505 |       0 |   0.0 |     125 |       0 |   0.0
      Tar:2 |   66949 |       0 |   0.0 |      70 |       0 |   0.0
      Tar:3 |   70541 |       0 |   0.0 |      78 |       0 |   0.0
      Tar:4 |   43515 |       0 |   0.0 |      59 |       0 |   0.0
      Tar:5 |   18149 |       0 |   0.0 |      35 |       0 |   0.0
      Tar:6 |   33221 |   16419 |  33.1 |      71 |      22 |  23.7
      Tar:7 |  125863 |  129932 |  50.8 |     172 |      85 |  33.1
      Zot:1 |   34047 |   35434 |  51.0 |      18 |      12 |  40.0
      Zot:2 |   53118 |    6896 |  11.5 |      29 |       3 |   9.4
      Zot:3 |   78573 |   12816 |  14.0 |      45 |       8 |  15.1
      Zot:4 |   56355 |       0 |   0.0 |      34 |       0 |   0.0
      Zot:5 |   18890 |   41314 |  68.6 |      10 |      16 |  61.5
    Abyss:1 |   57522 |   16074 |  21.8 |      74 |      12 |  14.0
    Abyss:2 |   58220 |       0 |   0.0 |     103 |       0 |   0.0
    Abyss:3 |   71119 |    5058 |   6.6 |     147 |      12 |   7.5
    Abyss:4 |    5066 |       0 |   0.0 |       7 |       0 |   0.0
    Abyss:5 |   89988 |   14574 |  13.9 |     123 |      31 |  20.1
        Pan |  228138 |  206763 |  47.5 |     278 |     181 |  39.4
    Ossuary |       0 |     277 | 100.0 |       0 |      11 | 100.0
      IceCv |       0 |    4429 | 100.0 |       0 |      21 | 100.0
     WizLab |    1302 |   16564 |  92.7 |       1 |      33 |  97.1
            +---------+---------+-------+---------+---------+-------

Illustrated notes

Table legend:
 A = Kills in this place as a percentage of kills in entire the game.
 B = Kills by you in this place as a percentage of kills by you in the entire game.
 C = Kills by friends in this place as a percentage of kills by friends in the entire game.
 D = Other kills in this place as a percentage of other kills in the entire game.
 E = Experience gained in this place as a percentage of experience gained in the entire game.
 F = Experience gained in this place divided by the number of levels of this place that you have seen.
                   A       B       C       D       E      F
               +-------+-------+-------+-------+-------+----------------------
         Total | 100.0 | 100.0 | 100.0 | 100.0 | 100.0 | 36370.3
       Dungeon |   8.4 |   8.4 |   0.0 |   0.0 |   1.7 | 5176.0
          Lair |   4.2 |   4.2 |   0.0 |   7.7 |   1.4 | 10596.2
        Shoals |   2.4 |   2.4 |   0.0 |   0.0 |   1.7 | 19454.8
   Spider Nest |   3.8 |   3.8 |   0.0 |   0.0 |   2.4 | 27774.2
    Slime Pits |   2.3 |   2.3 |   0.0 |   0.0 |   2.5 | 22710.2
  Orcish Mines |   1.7 |   1.7 |   0.0 |   0.0 |   0.4 | 8309.5
   Elven Halls |   2.1 |   2.1 |   0.0 |   0.0 |   2.4 | 36918.3
        Vaults |   7.6 |   7.6 |   0.0 |   7.7 |   8.3 | 75913.0
         Crypt |   2.7 |   2.7 |   0.0 |   0.0 |   2.6 | 38764.7
          Tomb |   2.2 |   2.2 |   0.0 |   0.0 |   5.2 | 78066.0
        Depths |   7.5 |   7.5 |   0.0 |   0.0 |  10.2 | 92520.6
          Hell |   1.5 |   1.5 |   0.0 |   0.0 |   1.9 | 85741.0
           Dis |   5.7 |   5.7 |   0.0 |   7.7 |   6.6 | 43107.1
       Gehenna |   7.6 |   7.6 |   0.0 |   0.0 |   6.9 | 44549.4
       Cocytus |   7.9 |   7.9 |   0.0 |  15.4 |   8.0 | 51943.9
      Tartarus |  12.2 |  12.2 |   0.0 |   0.0 |  13.4 | 86727.7
           Zot |   3.0 |   3.0 |   0.0 |   7.7 |   7.4 | 67488.6
         Abyss |   8.6 |   8.6 |   0.0 |  30.8 |   7.0 | 31762.1
   Pandemonium |   7.8 |   7.7 | 100.0 |  23.1 |   9.6 | 20709.6
       Ossuary |   0.2 |   0.2 |   0.0 |   0.0 |   0.0 | 277.0
      Ice Cave |   0.4 |   0.4 |   0.0 |   0.0 |   0.1 | 4429.0
        Wizlab |   0.6 |   0.6 |   0.0 |   0.0 |   0.4 | 17866.0
               +-------+-------+-------+-------+-------+----------------------

Table legend: (Time is in decaauts)
 A = Elapsed time spent in this place.
 B = Non-inter-level travel time spent in this place.
 C = Inter-level travel time spent in this place.
 D = Time resting spent in this place.
 E = Time spent auto-exploring this place.
 F = Levels seen in this place.
 G = Mean time per level.
                   A        B        C        D        E       F      G
               +--------+--------+--------+--------+--------+-----+--------+
         Total | 147230 | 128383 |  18847 |   9555 |  79870 | 125 | 1177.8 |
       Dungeon |  24264 |  18296 |   5968 |    183 |  15250 |  15 | 1617.6 |
        Temple |    137 |    115 |     22 |      0 |    113 |   1 |  137.0 |
          Lair |  13333 |  11029 |   2304 |    117 |   8847 |   6 | 2222.2 |
        Shoals |   5859 |   5500 |    359 |      0 |   4820 |   4 | 1464.8 |
   Spider Nest |   5940 |   5726 |    214 |      0 |   4906 |   4 | 1485.0 |
    Slime Pits |   4470 |   4117 |    353 |     63 |   3617 |   5 |  894.0 |
  Orcish Mines |   1941 |   1556 |    385 |      0 |   1031 |   2 |  970.5 |
   Elven Halls |   5468 |   5176 |    292 |      4 |   4214 |   3 | 1822.7 |
        Vaults |  11388 |  10246 |   1142 |     54 |   8369 |   5 | 2277.6 |
         Crypt |   4107 |   3863 |    244 |      0 |   3199 |   3 | 1369.0 |
          Tomb |   2044 |   2026 |     18 |    426 |    495 |   3 |  681.3 |
        Depths |  14706 |  11982 |   2724 |    145 |   9838 |   5 | 2941.2 |
          Hell |   6178 |   5688 |    490 |   3319 |   1799 |   1 | 6178.0 |
           Dis |   4255 |   4200 |     55 |   1268 |    112 |   7 |  607.9 |
       Gehenna |   4394 |   3854 |    540 |    495 |    587 |   7 |  627.7 |
       Cocytus |   4603 |   3834 |    769 |    757 |     16 |   7 |  657.6 |
      Tartarus |   8713 |   6602 |   2111 |    135 |    329 |   7 | 1244.7 |
           Zot |   8104 |   7254 |    850 |    174 |   6033 |   5 | 1620.8 |
         Abyss |   6122 |   6122 |      0 |    374 |   2271 |  10 |  612.2 |
   Pandemonium |   7555 |   7555 |      0 |   1754 |   1784 |  21 |  359.8 |
        Bazaar |    774 |    774 |      0 |      0 |    399 |   1 |  774.0 |
       Ossuary |    492 |    492 |      0 |    284 |    128 |   1 |  492.0 |
      Ice Cave |    622 |    622 |      0 |      0 |    459 |   1 |  622.0 |
        Wizlab |   1751 |   1751 |      0 |      0 |   1247 |   1 | 1751.0 |
               +--------+--------+--------+--------+--------+-----+--------+

Top non-repeatable levels by time:
    Hell: 6178 daAuts
Depths:2: 3654 daAuts
   Tar:7: 3510 daAuts
Depths:5: 3348 daAuts
   Dis:7: 3314 daAuts
Depths:1: 2860 daAuts
  Lair:1: 2848 daAuts
Depths:3: 2569 daAuts
Vaults:2: 2494 daAuts
Vaults:4: 2468 daAuts
   Zot:1: 2394 daAuts
Vaults:1: 2339 daAuts
   Coc:7: 2326 daAuts
   Elf:3: 2297 daAuts
Depths:4: 2273 daAuts
